 Dungeon Crawl Stone Soup version 0.32-a0-932-g5467873 (webtiles) character file.

Game seed: 13041272022379568854

14569667 blister the Conqueror (level 27, 291/291 HPs)
             Began as an Octopode Shapeshifter on Apr 13, 2024.
             Was an Initiate of Gozag.
             Escaped with the Orb
             ... and 15 runes on Apr 14, 2024!
             The game lasted 06:33:05 (108822 turns).

blister the Conqueror (Octopode Shapeshifter)     Turns: 108822, Time: 06:33:05

Health: 291/291    AC: 40    Str: 41    XL:     27
Magic:  57/57      EV: 37    Int: 20    God:    Gozag
Gold:   5641       SH:  0    Dex: 20    Spells: 1/68 levels left

rFire   + +          +
                       - Unarmed
rCold   + + .        A - orb {guile}
rNeg    + + .        d - +2 hat
rPois   ∞            r - amulet of Agef Hoe {Will+ Regen+ Str+3 Dex+2}
rElec   +            C - ring "Vomeh" {rElec Will- EV+5 Slay+4}
rCorr   .            D - ring "Xoonaosa" {rF+ rC+ Will+ Int+2 Dex-3 SInv}
SInv    +            b - ring of the Median {rC+ Str+7 Int-4 Dex+6 Stlth+}
Will    +++++        x - ring of Equilibrium {rElec Will+++ Dex-2 SInv}
Stlth   ++++         Y - ring "Daced" {rF+ rC- Str+3 Dex+5}
HPRegen 1.48/turn    y - ring of the Princeling {Wiz Will+ Int+3}
MPRegen 0.35/turn    w - ring "Seodghas" {rF+ MP+9 Str-2 Int+2 Slay+3}
                     W - ring "Dysiytax" {+Blink rC+ rN+ Str+4}

%: wizardry (x1)
@: statue-form, studying 6 skills, very slow
A: slow and powerful, torment resistance 1, boosted hp, almost no armour,
amphibious, 8 rings, camouflage 1, (gelatinous body 1), (nimble swimmer 1),
tentacles, strong 2, inability to read after injury 1
0: Orb of Zot
}: 15/15 runes: decaying, slimy, silver, golden, iron, obsidian, icy, bone,
abyssal, demonic, glowing, magical, fiery, dark, gossamer
a: Begin Untransformation, Renounce Religion, Evoke Blink, Potion Petition, Call
Merchant, Bribe Branch


You escaped.
You worshipped Gozag.
Gozag was greatly pleased with you.
You were a living statue of rough stone.
You visited 17 branches of the dungeon, and saw 87 of its levels.
You visited Pandemonium 1 time, and saw 11 of its levels.
You visited the Abyss 3 times.
You visited 1 bazaar.
You visited 1 ziggurat, and saw 21 of its levels.
You also visited: Sewer, Ossuary, Bailey, Wizlab and Desolation.

You collected 70559 gold pieces.
You spent 10152 gold pieces at shops.
You paid 54766 gold pieces to Gozag.

Inventory:

Missiles
 P - 3 throwing nets {!f}
Armour
 d - a +2 hat (worn)
 A - an orb of guile (worn)
Jewellery
 a - the ring "Nydghog" {+Blink rC++ rCorr}
   (You found it on level 2 of the Depths)

   [ring of resist corrosion]

   rC++:      It greatly protects you from cold.
   +Blink:    It lets you blink.
   rCorr:     It protects you from acid and corrosion.
 b - the ring of the Median (on tentacle) {rC+ Str+7 Int-4 Dex+6 Stlth+}
   (You bought it in a shop on level 2 of the Orcish Mines)

   [ring of protection from cold]

   Str+7:     It affects your strength (+7).
   Int-4:     It affects your intelligence (-4).
   Dex+6:     It affects your dexterity (+6).
   rC+:       It protects you from cold.
   Stlth+:    It makes you more stealthy.
 q - the ring "Rakk" {rC+ rN+ Int-5 Dex+3}
   (You found it on level 19 of a ziggurat)

   [ring of positive energy]

   Int-5:     It affects your intelligence (-5).
   Dex+3:     It affects your dexterity (+3).
   rC+:       It protects you from cold.
   rN+:       It protects you from negative energy.
 r - the amulet of Agef Hoe (around mantle) {Will+ Regen+ Str+3 Dex+2}
   (You found it on level 20 of a ziggurat)

   [amulet of regeneration]

   Str+3:     It affects your strength (+3).
   Dex+2:     It affects your dexterity (+2).
   Will+:     It increases your willpower.
   Regen+:    It increases your rate of health regeneration.
 w - the ring "Seodghas" (on tentacle) {rF+ MP+9 Str-2 Int+2 Slay+3}
   (You found it on level 21 of a ziggurat)

   [ring of magical power]

   Str-2:     It affects your strength (-2).
   Int+2:     It affects your intelligence (+2).
   Slay+3:    It affects your accuracy & damage with ranged weapons and melee
   (+3).
   rF+:       It protects you from fire.
   MP+9:      It affects your magic capacity (+9).
 x - the ring of Equilibrium (on tentacle) {rElec Will+++ Dex-2 SInv}
   (You found it on level 5 of the Pits of Slime)

   [ring of see invisible]

   Dex-2:     It affects your dexterity (-2).
   rElec:     It insulates you from electricity.
   Will+++:   It greatly increases your willpower.
   SInv:      It lets you see invisible.
 y - the ring of the Princeling (on tentacle) {Wiz Will+ Int+3}
   (You bought it in a shop on level 2 of the Orcish Mines)

   [ring of wizardry]

   Wiz:       It improves your spell success rate.
   Int+3:     It affects your intelligence (+3).
   Will+:     It increases your willpower.
 C - the ring "Vomeh" (left tentacle) {rElec Will- EV+5 Slay+4}
   (You acquired it on level 1 of the Vaults)

   [ring of evasion]

   EV+5:      It affects your evasion (+5).
   Slay+4:    It affects your accuracy & damage with ranged weapons and melee
   (+4).
   rElec:     It insulates you from electricity.
   Will-:     It decreases your willpower.
 D - the ring "Xoonaosa" (right tentacle) {rF+ rC+ Will+ Int+2 Dex-3 SInv}
   (You found it on level 3 of the Crypt)

   [ring of see invisible]

   Int+2:     It affects your intelligence (+2).
   Dex-3:     It affects your dexterity (-3).
   rF+:       It protects you from fire.
   rC+:       It protects you from cold.
   Will+:     It increases your willpower.
   SInv:      It lets you see invisible.
 F - the ring of Hein {rN+ EV+5 Dex+2}
   (You acquired it on level 1 of the Vaults)

   [ring of evasion]

   EV+5:      It affects your evasion (+5).
   Dex+2:     It affects your dexterity (+2).
   rN+:       It protects you from negative energy.
 R - the amulet of the Four Winds {rN+ Will+++ Clar}
   (You found it on level 8 of a ziggurat)

   [amulet of nothing]

   rN+:       It protects you from negative energy.
   Will+++:   It greatly increases your willpower.
   Clar:      It protects you from confusion, rage, mesmerisation and fear.
 W - the ring "Dysiytax" (on tentacle) {+Blink rC+ rN+ Str+4}
   (You bought it in a shop on level 10 of the Dungeon)

   [ring of positive energy]

   Str+4:     It affects your strength (+4).
   rC+:       It protects you from cold.
   rN+:       It protects you from negative energy.
   +Blink:    It lets you blink.
 Y - the ring "Daced" (on tentacle) {rF+ rC- Str+3 Dex+5}
   (You found it on level 3 of the Lair of Beasts)

   [ring of protection from fire]

   Str+3:     It affects your strength (+3).
   Dex+5:     It affects your dexterity (+5).
   rF+:       It protects you from fire.
   rC-:       It makes you vulnerable to cold.
Talismans
 p - a storm talisman
 E - a granite talisman (active)
Wands
 k - a wand of quicksilver (92)
 v - a wand of digging (31)
 S - a wand of warping (70)
Scrolls
 c - 13 scrolls of blinking {!d}
 e - 18 scrolls of revelation {!r!d}
 m - 5 scrolls of butterflies
 o - 13 scrolls of vulnerability
 t - 29 scrolls of teleportation {!d}
 G - 8 scrolls of noise
 Q - 8 scrolls of fog
 T - 12 scrolls of immolation {!d}
 X - 13 scrolls of amnesia
 Z - 15 scrolls of enchant armour
Potions
 f - 15 potions of might
 h - 6 potions of berserk rage {!q!d}
 j - 14 potions of attraction
 l - 10 potions of lignification {!q!d}
 s - 14 potions of enlightenment {!q!d!q!d}
 B - 9 potions of ambrosia {!q!d}
 H - 7 potions of invisibility {!q!d}
 J - 12 potions of magic {!q!d}
 K - 7 potions of brilliance {!q!d}
 L - 10 potions of resistance {!q!d}
 M - 13 potions of heal wounds {!q!d}
 N - 41 potions of curing {!q!d}
 O - 18 potions of haste {!q!d}
 U - 29 potions of mutation {!d}
 V - 12 potions of cancellation {!q!d}
Miscellaneous
 g - a tin of tremorstones (2/2)
 i - a phantom mirror
 n - a box of beasts
 u - a lightning rod (4/4)
 z - a Gell's gravitambourine (2/2)
 I - a figurine of a ziggurat {=g}


   Skills:
 O Level 27 Fighting
 - Level 6.0 Throwing
 O Level 27 Dodging
 - Level 20.0 Stealth
 O Level 27 Unarmed Combat
 - Level 21.0 Spellcasting
 - Level 6.0 Conjurations
 - Level 18.0 Hexes
 + Level 12.5 Necromancy
 - Level 6.0 Translocations
 - Level 24.0 Ice Magic
 - Level 6.0 Air Magic
 - Level 24.0 Earth Magic
 - Level 16.4 Evocations
 - Level 25.0 Shapeshifting


You had one spell level left.
You knew the following spells:

 Your Spells              Type           Power      Damage    Failure   Level
c - Vhi's Electric Charg  Tloc/Air       90%        N/A       1%          4
e - Fugue of the Fallen   Necr           63%        N/A       1%          3
f - Borgnjor's Vile Clut  Necr/Erth      38%        N/A       1%          5
k - Blink                 Tloc           90%        N/A       1%          2
l - Silence               Hex/Air        31%        N/A       1%          5
n - Lesser Beckoning      Tloc           90%        N/A       1%          2
o - Polar Vortex          Ice            43%        12d5*     4%          9
p - Passage of Golubria   Tloc           45%        N/A       1%          4
s - Enfeeble              Hex            37%        N/A       1%          7
t - Shatter               Erth           43%        3d33*     4%          9
u - Discord               Hex            37%        N/A       3%          8
w - Ozocubu's Armour      Ice            86%        N/A       0%          3
y - Yara's Violent Unrav  Hex/Alch       27%        3d12      1%          5
z - Apportation           Tloc           90%        N/A       1%          1

Your spell library contained the following spells:

 Spells                   Type           Power      Damage    Failure   Level
 Freeze                   Ice            100%       1d10      0%          1
 Necrotise                Necr           100%       1d9       0%          1
 Sandblast                Erth           100%       2d20      0%          1
 Slow                     Hex            100%       N/A       0%          1
 Foxfire                  Conj/Fire      100%       2x1d9     1%          1
 Kiss of Death            Conj/Necr      100%       2d13      1%          1
 Magic Dart               Conj           100%       1d8       1%          1
 Shock                    Conj/Air       100%       1d9       1%          1
 Sting                    Conj/Alch      100%       1d9       1%          1
 Summon Small Mammal      Summ           84%        N/A       1%          1
 Ensorcelled Hibernation  Hex/Ice        100%       N/A       0%          2
 Jinxbite                 Hex            100%       N/A       0%          2
 Confusing Touch          Hex            75%        N/A       0%          3
 Frozen Ramparts          Ice            100%       1d16      0%          3
 Hailstorm                Conj/Ice       69%        3d12      0%          3
 Passwall                 Erth           86%        N/A       0%          3
 Sigil of Binding         Hex            75%        N/A       0%          3
 Stone Arrow              Conj/Erth      100%       3d13      0%          3
 Tukima's Dance           Hex            75%        N/A       0%          3
 Cause Fear               Hex            37%        N/A       0%          4
 Lee's Rapid Deconstruct  Erth           43%        3d21*     0%          5
 Metabolic Englaciation   Hex/Ice        40%        N/A       0%          5
 Permafrost Eruption      Ice/Erth       43%        2x4d10    0%          6
 Call Imp                 Summ           42%        N/A       1%          2
 Cigotuvi's Dreadful Rot  Necr/Alch/Air  90%        N/A       1%          2
 Mercury Vapours          Alch/Air       66%        N/A       1%          2
 Momentum Strike          Conj/Tloc      90%        3d10      1%          2
 Scorch                   Fire           42%        2d6       1%          2
 Searing Ray              Conj           90%        2d7       1%          2
 Static Discharge         Conj/Air       90%        3-7/arc   1%          2
 Dazzling Flash           Conj/Hex       100%       N/A       1%          3
 Inner Flame              Hex/Fire       54%        N/A       1%          3
 Maxwell's Portable Pile  Tloc           45%        2d(9-27)  1%          3
 Mephitic Cloud           Conj/Alch/Air  37%        N/A       1%          3
 Summon Ice Beast         Ice/Summ       62%        N/A       1%          3
 Swiftness                Air            45%        N/A       1%          3
 Teleport Other           Tloc           45%        N/A       1%          3
 Vampiric Draining        Necr           63%        2d10      1%          3
 Volatile Blastmotes      Fire/Tloc      66%        2d15      1%          3
 Airstrike                Air            22%        2d(4-20)  1%          4
 Anguish                  Hex/Necr       35%        N/A       1%          4
 Brom's Barrelling Bould  Conj/Erth      69%        2d8       1%          4
 Dimensional Bullseye     Hex/Tloc       31%        N/A       1%          4
 Dispel Undead            Necr           63%        3d22      1%          4
 Iskenderun's Mystic Bla  Conj/Tloc      45%        2d10      (+2d51%     4
 Leda's Liquefaction      Alch/Erth      31%        N/A       1%          4
 Martyr's Knell           Necr/Summ      46%        N/A       1%          4
 Petrify                  Alch/Erth      62%        N/A       1%          4
 Curse of Agony           Necr           63%        N/A       1%          5
 Freezing Cloud           Conj/Ice/Air   31%        6-21      1%          5
 Summon Mana Viper        Hex/Summ       54%        N/A       1%          5
 Bombard                  Conj/Erth      34%        9d6       1%          6
 Death Channel            Necr           31%        N/A       1%          6
 Sculpt Simulacrum        Ice/Alch       31%        N/A       1%          6
 Ozocubu's Refrigeration  Ice            43%        4d17      1%          7
 Call Canine Familiar     Summ           21%        N/A       2%          3
 Flame Wave               Conj/Fire      33%        2d10      2%          4
 Fulminant Prism          Conj/Alch      16%        3d10      2%          4
 Summon Lightning Spire   Summ/Air       33%        N/A       2%          4
 Arcjolt                  Conj/Air       22%        1d32      2%          5
 Iskenderun's Battlesphe  Conj           45%        2d10      2%          5
 Fireball                 Conj/Fire      16%        3d8       8%          5
 Irradiate                Conj/Alch      16%        3d17      8%          5
 Summon Forest            Summ/Tloc      16%        N/A       8%          5
 Ignite Poison            Fire/Alch      21%        N/A       9%          4
 Olgreb's Toxic Radiance  Alch           21%        N/A       9%          4
 Sticky Flame             Fire/Alch      21%        2d6       9%          4
 Summon Blazeheart Golem  Fire/Summ      21%        N/A       9%          4
 Conjure Ball Lightning   Conj/Air       22%        3x3d6     12%         6
 Dispersal                Tloc           22%        N/A       12%         6
 Gell's Gavotte           Tloc           22%        2d(21-31) 12%         6
 Lehudib's Crystal Spear  Conj/Erth      34%        10d9      12%         8
 Alistair's Intoxication  Alch           14%        N/A       24%         5
 Borgnjor's Revivificati  Necr           31%        N/A       32%         8
 Infestation              Necr           31%        N/A       32%         8
 Plasma Beam              Fire/Air       16%        2x1d28    36%         6
 Starburst                Conj/Fire      16%        6d6       36%         6
 Haunt                    Necr/Summ      23%        N/A       47%         7
 Manifold Assault         Tloc           22%        N/A       52%         7
 Orb of Destruction       Conj           22%        9d8       52%         7
 Eringya's Noxious Bog    Alch           10%        4d6       77%         6
 Summon Cactus Giant      Summ           10%        N/A       77%         6
 Malign Gateway           Summ/Tloc      16%        N/A       89%         7
 Spellforged Servitor     Conj/Summ      16%        N/A       89%         7
 Monstrous Menagerie      Summ           10%        N/A       99%         7
 Summon Hydra             Summ           10%        N/A       99%         7
 Disjunction              Tloc           22%        N/A       99%         8
 Maxwell's Capacitive Co  Air            22%        ∞         99%         8
 Ignition                 Fire           10%        3d5       100%        8
 Summon Horrible Things   Summ           10%        N/A       100%        8
 Chain Lightning          Conj/Air       22%        3d30      100%        9
 Dragon's Call            Summ           10%        N/A       100%        9
 Fire Storm               Conj/Fire      16%        8d4       100%        9
 Animate Dead             Necr           Unusable   N/A       N/A         4

Dungeon Overview and Level Annotations

Branches:
Dungeon (15/15)            Temple (0/1) D:7            Lair (5/5) D:11
  Swamp (4/4) Lair:2       Spider (4/4) Lair:2        Slime (5/5) Lair:5
    Orc (2/2) D:11            Elf (3/3) Orc:2        Vaults (5/5) D:14
  Crypt (3/3) Vaults:3       Tomb (3/3) Crypt:3      Depths (4/4) D:15
   Hell (visited)             Dis (7/7) Hell            Geh (7/7) Hell
    Coc (7/7) Hell            Tar (7/7) Hell            Zot (5/5) Depths:4
  Sewer (visited)         Ossuary (visited)          Bailey (visited)
 WizLab (visited)         Desolation (visited)

Altars:
Elyvilon
Fedhas
Gozag
Hepliaklqana
Kikubaaqudgha
Nemelex Xobeh
Sif Muna
Trog
Uskayaw
Vehumet
Yredelemnul
Zin
The Shining One
Jiyva

Shops:
D:2 *   D:8 [   D:10 !=   Orc:1 :   Orc:2 :(:?=**!*[   Elf:2 *   Elf:3 *(
Vaults:1 [   Vaults:2 !   Vaults:4 !   Depths:2 =[=?   Depths:3 ![

Portals:
Hell: Depths:1 Depths:2 Depths:3 Depths:4
Abyss: Depths:3
Pandemonium: Depths:1 Depths:2 Depths:4


Innate Abilities, Weirdness & Mutations

You are a living statue of rough stone.
Your actions are slow, but your melee attacks are powerful.
You are resistant to unholy torment.
Your maximum health is greatly increased.
You cannot wear most types of armour.
You are amphibious.
You can wear up to eight rings at the same time.
You are immune to poison.
Your skin changes colour to match your surroundings (Stealth+).
((Your rubbery body absorbs attacks. (AC +1, EV +1)))
((You are camouflaged when in or above water. (Stealth+)))
You have tentacles for arms and can constrict up to eight enemies at once.
Your muscles are very strong. (Str +8, Int/Dex -2)
You occasionally lose the ability to read scrolls when taking damage.


Message History

Unknown command.
You closely miss the Executioner.
The Executioner is heavily wounded.
The Executioner completely misses you. x2; The Executioner misses you.
You thrash the Executioner!!!!
You kill the Executioner!
Casting: Vhi's Electric Charge (mildly dangerous; 1% risk of failure)
Confirm with . or Enter, or press ? or * to list all spells.
Aiming: Vhi's Electric Charge (mildly dangerous; 1% risk of failure)
Press: ? - help, Shift-Dir - straight line, f - large abomination
Aim: a large abomination (96% to hit)
You charge forward with an electric crackle!
You thrash the large abomination and electrocute it!!!!
You destroy the large abomination!
You lose 4MP, and have [50/57] MP What level of the Dungeon? (default 1, ? - help)
A hellion comes into view.
You gain 2 MP, and have [52/57] MP
There is an open door here.
Casting: Vhi's Electric Charge (mildly dangerous; 1% risk of failure)
Confirm with . or Enter, or press ? or * to list all spells.
Aiming: Vhi's Electric Charge (mildly dangerous; 1% risk of failure)
Press: ? - help, Shift-Dir - straight line, f - hellion
Aim: a hellion (90% to hit)
You charge forward with an electric crackle!
You thrash the hellion and electrocute it!!!!!
You kill the hellion!
You lose 3MP, and have [49/57] MP What level of the Dungeon? (default 1, ? - help)
There is a stone staircase leading up here.
You climb upwards.
There is a stone staircase leading down here.
There is a stone staircase leading up here.
You climb upwards.
There is a stone staircase leading down here.
You gain 4 MP, and have [53/57] MP Magic restored.
There is a staircase leading out of the dungeon here.
MP Full (57)
You have escaped!

### ###..######...# #.###.#...#
#...# #.....#...## #...#
###.#.#.###..####...#
#.........#.........#
#####.#.#.#.#.###.####..#
#.....[.#.#.......# #..##
#.#.#.###.###.#.#.# #..#.
##.#......I......#.# #..#.
#..#.#.###.###.#.#.# #..#.
#........#.#.......## #..##
###.####.#.#.#.#.###..###..#.
#...# #.........##........#.
#####...######.#.#.####.#..###.#.
....'.....# #.....# #.#......#.
#####...#.####.###.# #.#....###.
..# #............### #.#.##..##.


There were no monsters in sight!

Vanquished Creatures
  Cerebov (Pan)
  Antaeus (Coc:7)
  Asmodeus (Geh:7)
  the Royal Jelly (Slime:5)
  9 pandemonium lords
  Ereshkigal (Tar:7)
  Lom Lobon (Pan)
  Gloorx Vloq (Pan)
  Mnoleg (Pan)
  the Serpent of Hell (Geh:7)
  Dispater (Dis:7)
  8 dread liches
  3 orbs of fire
  7 ancient liches
  Mennas (Pan)
  Xtahua (Vaults:2)
  3 juggernauts
  24 royal mummies
  4 Killer Klowns
  Bai Suzhen (Vaults:2)
  25 shard shrikes
  Margery (Vaults:3)
  5 curse toes
  22 caustic shrikes
  7 profane servitors
  8 golden dragons
  Geryon (Hell)
  31 bone dragons
  the Enchantress (Depths:3)
  Norris (Depths:1)
  4 iron giants
  11 Brimstone Fiends
  20 doom hounds
  A Cloud Mage (WizLab)
  21 Tzitzimimeh
  10 Hell Sentinels
  A spectral shard shrike (Tar:7)
  21 tentacled monstrosities
  12 hellephants
  3 electric golems
  Zenata (Elf:3)
  12 Ice Fiends
  Jorgrun (D:12)
  14 tainted leviathans
  Asterion (Vaults:2)
  13 Orb Guardians
  11 liches
  2 deep elf master archers
  23 searing wretches
  16 titans
  4 walking frostbound tomes
  25 Executioners
  12 ancient champions
  19 tentacled starspawn
  The ghost of DANddo the Warrior, an adept DrSh of Wu Jian (Swamp:3)
  26 acid blobs
  8 death cobs
  2 deep elf blademasters
  26 sphinxes
  4 quicksilver dragons
  3 thorn hunters
  4 shadow dragons
  7 tengu reavers
  13 storm dragons
  The ghost of Hapel the Fencer, an adept CoBe of Trog (D:15)
  14 azure jellies
  3 nagarajas
  A draconian monk (Zot:1)
  A fire giant (shapeshifter) (Zig:13)
  2 revenants
  16 frost giants
  7 protean progenitors
  2 daevas
  10 rockslimes
  6 demonspawn warmongers (Pan)
  18 fire giants
  11 narguns
  4 fenstrider witches
  10 deep elf sorcerers
  3 draconian shifters
  Louise (Swamp:4)
  5 emperor scorpions (Spider:2)
  4 draconian knights
  48 balrugs
  6 quicksilver elementals
  21 vault wardens
  6 ghost moths
  9 ghouls
  7 shard shrike simulacra
  4 draconian scorchers
  27 reapers
  An imperial myrmidon (Desolation)
  An iron dragon (Depths:3)
  A spectral juggernaut (Tar:3)
  4 curse skulls
  8 deep elf elementalists
  An angel (Abyss:2)
  6 formless jellyfish
  2 orc warlords
  2 demonspawn corrupters (Pan)
  A juggernaut zombie (Abyss:1)
  4 spectral caustic shrikes
  6 juggernaut skeletons (Pan)
  2 draconian stormcallers
  4 draconian annihilators
  6 spriggan defenders
  11 stone giants
  12 cacodemons
  5 demonspawn blood saints (Pan)
  3 caustic shrike skeletons (Pan)
  7 ironbound thunderhulks
  An ophan (Abyss:1)
  12 vampire knights
  15 quicksilver oozes
  34 very ugly things
  19 ironbound preservers
  7 bennus
  7 demonspawn black suns (Pan)
  23 elemental wellsprings
  3 deep elf demonologists
  13 dire elephants
  6 green draconians
  2 grey draconians (Depths:4)
  7 black draconians
  11 putrid mouths
  13 war gargoyles
  10 deep elf annihilators
  4 eleionomae
  5 red draconians
  9 bunyips
  13 deep elf death magi
  A spectral titan (Tar:3)
  6 purple draconians
  5 lorocyprocas
  5 white draconians
  A halazid warlock (Desolation)
  8 yellow draconians
  12 wendigos
  18 spark wasps
  11 green deaths (Pan)
  38 blizzard demons
  10 ettins
  21 eidola
  Snorg (Lair:4)
  15 iron golems
  Josephine (Lair:4)
  6 fire dragons
  19 mummy priests
  4 crystal guardians
  A spectral quicksilver dragon (Tar:3)
  17 yaktaur captains
  12 entropy weavers
  7 ragged hierophants (Desolation)
  7 jiangshi
  8 deep elf high priests
  2 merfolk impalers
  32 vault guards
  3 servants of whispers (Desolation)
  13 rakshasas
  10 peacekeepers
  11 salamander tyrants
  9 spriggan air magi
  15 great orbs of eyes
  4 juggernaut simulacra
  7 ghost crabs
  A catoblepas (D:12)
  10 caustic shrike simulacra
  16 ice dragons
  20 hydras
  14 alligators
  3 merfolk aquamancers (Pan)
  7 jorogumos
  2 hell beasts (Pan)
  A spriggan skeleton (Zig:10)
  2 fenstrider witch skeletons
  2 anacondas (Zig:18)
  Erica (D:9)
  7 ironbound frosthearts
  12 two-headed ogres
  11 centaur warriors
  3 stokers
  20 boulder beetles
  3 death knights
  4 ogre magi
  30 dancing weapons
  54 hell hogs
  5 deep troll shamans
  44 death scarabs
  8 orc high priests
  18 demonic crawlers
  A spectral stone giant (Tar:2)
  5 death yaks (Lair:3)
  11 vampire magi
  6 deep troll earth magi
  17 thrashing horrors
  4 tengu warriors (Depths:2)
  A quicksilver ooze zombie (Crypt:2)
  3 shock serpents (Pan)
  4 crystal echidnas
  26 hell knights
  An occultist (D:15)
  19 soul eaters
  4 spriggan berserkers
  A spectral dire elephant (Tar:6)
  A titan zombie (Zig:10)
  Sonja (D:12)
  9 iron trolls
  20 deep elf knights
  20 shadow wraiths
  49 sun demons
  34 skeletal warriors
  19 wretched stars
  A skyshark (shapeshifter) (Abyss:1)
  Nergalle (D:10)
  7 pharaoh ants
  A bunyip zombie (Abyss:1)
  A storm dragon skeleton (Zig:10)
  5 hellephant skeletons (Pan)
  9 deep elf archers
  A deep troll (shapeshifter) (Vaults:5)
  22 sixfirhies
  2 spectral anacondas (Tar:3)
  59 deep trolls
  A sea snake (Zig:11)
  A spatial maelstrom (Zig:6)
  20 flayed ghosts
  4 goliath frogs
  4 skysharks
  10 glowing orange brains
  An elf simulacrum (Coc:1)
  A titan skeleton (Abyss:1)
  15 swamp dragons
  A lindwurm (shapeshifter) (Elf:3)
  5 arcanists
  5 quicksilver dragon simulacra
  An anaconda zombie (Tomb:2)
  10 shadow demons
  11 orb spiders
  Lodul (D:12)
  12 sun moths
  6 spriggan druids
  4 death drakes (WizLab)
  An orb spider (shapeshifter) (Depths:2)
  5 lindwurms
  11 bog bodies
  2 bunyip skeletons (Crypt:3)
  11 spriggan simulacra
  9 harpies
  29 ironbound convokers
  3 stone giant zombies
  26 deep elf zephyrmancers
  A mana viper (shapeshifter) (Depths:2)
  A spectral hydra (Tar:3)
  2 wolf spider zombies
  28 deep elf pyromancers
  9 thermic dynamos
  4 orc sorcerers
  21 phantasmal warriors
  5 steelbarb worms
  An anaconda skeleton (Crypt:3)
  6 lightning spires (Abyss:3)
  17 wolf spiders
  64 large abominations
  A spectral jorogumo (Spider:4)
  8 necromancers
  8 obsidian bats
  A tengu skeleton (Zig:10)
  3 cyclopes
  8 worldbinders
  14 orc knights
  7 shining eyes
  4 manticores
  27 ugly things
  A shining eye (shapeshifter) (Vaults:5)
  The ghost of
  123123 the Insei, a novice OpSh of Elyvilon (D:5)
  3 spectral ettins
  8 elephants
  4 Executioner simulacra (Pan)
  11 will-o-the-wisps
  3 centaur zombies
  A moth of wrath (shapeshifter) (Zig:13)
  12 meliai
  33 moths of wrath
  A fire giant skeleton (Zig:10)
  13 vault sentinels
  The ghost of IQJUMP the Grappler, a novice TrMo (D:5)
  8 ice statues
  7 guardian serpents
  A salamander (D:15)
  6 gargoyles
  5 titan simulacra
  10 black mambas
  An eye of devastation (shapeshifter) (Vaults:5)
  6 torpor snails
  5 kobold blastminers
  2 rust devils
  37 smoke demons
  4 eyes of devastation
  A water nymph (shapeshifter) (Elf:1)
  12 apocalypse crabs
  A shock serpent skeleton (Crypt:2)
  2 torpor snails (shapeshifter)
  16 orange demons
  27 hellions
  22 molten gargoyles
  2 centaur skeletons
  15 cane toads
  2 rime drakes
  11 freezing wraiths
  A naga skeleton (Abyss:2)
  25 yaktaurs
  The ghost of csikos the Insei, a novice OpSh of Gozag (D:5)
  6 spectral redbacks (Spider:4)
  2 anaconda simulacra (Coc:7)
  A kobold demonologist (D:14)
  An unseen horror (D:12)
  2 tengu conjurers
  11 efreet
  A hydra zombie (Abyss:1)
  An alligator snapping turtle skeleton (Crypt:2)
  2 golden dragon simulacra
  18 komodo dragons
  4 redback zombies (Spider:4)
  18 tormentors
  2 bunyip simulacra (Coc:2)
  15 ice devils
  2 silent spectres
  16 ancient zymes
  39 guardian mummies
  2 red devils
  3 spectral nagas
  8 trolls
  A harpy zombie (Abyss:3)
  30 hellwings
  4 spectral harpies
  3 polar bears
  10 tyrant leeches
  21 wind drakes
  A bloated husk (Swamp:2)
  22 jumping spiders
  52 saltlings (Desolation)
  48 raiju
  17 hornets
  24 blink frogs
  2 merfolk
  4 glass eyes
  A hornet (shapeshifter) (D:15)
  An ettin zombie (Tomb:2)
  An ice dragon zombie (Tomb:1)
  34 tarantellas
  A spectral culicivora (Spider:4)
  An iron dragon simulacrum (Coc:5)
  A spectral jumping spider (Spider:4)
  3 harpy skeletons
  5 dream sheep (Lair:4)
  2 stone giant simulacra (Coc:2)
  A jumping spider zombie (Spider:4)
  10 dire elephant simulacra
  20 culicivoras
  A spriggan (shapeshifter) (Elf:2)
  18 spriggans
  6 shadows (Crypt:3)
  16 water elementals
  The ghost of Lovepenguin the Vexing, an amateur DEEn of Dithmenos (D:5)
  18 air elementals
  A centaur simulacrum (D:14)
  81 slime creatures
  17 wraiths
  3 fire dragon skeletons (Geh:4)
  24 ynoxinuls
  12 wyverns
  48 yaks
  9 ushabtiu
  3 vampires
  A black mamba skeleton (Abyss:1)
  An ettin skeleton (Vaults:2)
  5 fire bats
  Grum (D:10)
  7 fire elementals
  A human (shapeshifter) (D:12)
  2 yaks (shapeshifter) (Elf:1)
  A redback (shapeshifter) (Depths:2)
  19 golden eyes
  35 redbacks
  14 vampire mosquitoes
  5 basilisks
  19 chaos spawn
  6 wargs
  3 steam dragons
  19 neqoxecs
  A naga (shapeshifter) (Abyss:3)
  14 harpy simulacra
  14 swamp worms
  A water nymph zombie (Crypt:2)
  A hydra simulacrum (Coc:7)
  6 acid dragons
  14 hell hounds
  A two-headed ogre zombie (Crypt:1)
  A glowing shapeshifter zombie (Vaults:2)
  12 water moccasins
  2 black bears
  6 ettin simulacra
  36 orc warriors
  10 swamp drakes
  A meliai simulacrum (D:14)
  An ogre skeleton (Vaults:2)
  A hornet zombie (Crypt:1)
  3 ice beasts
  A sky beast (D:7)
  64 laughing skulls
  A boggart (Vaults:1)
  A black bear (shapeshifter) (D:15)
  30 small abominations
  19 ogres
  12 centaurs
  14 wolves
  A snapping turtle skeleton (Crypt:1)
  A manticore skeleton (Crypt:1)
  A phantom (D:6)
  3 elf zombies (Ossuary)
  17 kobold brigands
  Blork the orc (D:6)
  3 weeping skulls
  5 brain worms
  10 bullfrogs
  2 naga simulacra
  4 scorpions
  3 earth elementals
  A draconian skeleton (Crypt:2)
  12 wights
  2 burial acolytes (Ossuary)
  6 killer bees
  9 electric eels
  A howler monkey (D:11)
  2 crimson imps
  7 lava snakes
  4 hounds
  4 human zombies (Ossuary)
  5 jellies
  2 quasits
  20 orc priests
  93 starcursed masses
  3 gnoll boudas
  9 iron imps
  4 iguanas
  20 orc wizards
  2 sleepcaps
  Terence (D:3)
  3 naga zombies
  An acid dragon skeleton (Crypt:2)
  6 hound zombies (Ossuary)
  A boggart simulacrum (D:14)
  46 mummies
  A howler monkey zombie (Crypt:2)
  15 gnolls
  9 adders
  2 river rats (D:6)
  A shadow imp (Abyss:1)
  A swamp drake skeleton (Crypt:1)
  14 white imps
  9 ufetubi
  An adder zombie (Crypt:1)
  A lava snake zombie (Crypt:2)
  3 ribbon worms
  2 dart slugs
  57 orcs
  7 bats
  13 endoplasms
  6 giant cockroaches
  7 goblins
  9 hobgoblins
  7 quokkas
  13 ball pythons
  6 frilled lizards
  A gnoll skeleton (Crypt:1)
  4 gnoll zombies (Ossuary)
  A hobgoblin zombie (Crypt:2)
  42 kobolds
  4 orc zombies (Ossuary)
  13 rats
  5 aspiring fleshes
  2 ball lightnings (Pan)
  7 creeping infernos
  8 fire vortices
  A lurking horror (Abyss:1)
  A spectral weapon (Zig:13)
  22 starspawn tentacles
4596 creatures vanquished.

Vanquished Creatures (collateral kills)
  A dread lich (Zot:5)
  An ancient lich (Crypt:1)
  2 orbs of fire (Zot:5)
  A juggernaut (Zig:19)
  A pandemonium lord (Pan)
  2 royal mummies (Tomb:3)
  4 Killer Klowns
  25 caustic shrikes
  2 shard shrikes (Zig:14)
  5 golden dragons (Zig:20)
  An electric golem (Zot:5)
  2 Brimstone Fiends (Zig:21)
  7 hellephants
  7 iron giants
  8 Hell Sentinels
  8 tentacled monstrosities
  6 titans (Zig:19)
  5 deep elf master archers
  9 Orb Guardians (Zot:5)
  2 walking frostbound tomes (Zig:14)
  7 searing wretches (Zig:21)
  2 acid blobs (Zig:9)
  7 ancient champions
  A storm dragon (Zot:1)
  3 azure jellies (Zig:14)
  3 protean progenitors (Zig:13)
  2 fenstrider witches (Zig:20)
  8 nagarajas (Zig:18)
  5 fire giants
  A draconian shifter (Zot:4)
  5 balrugs (Zig:21)
  15 quicksilver elementals
  A draconian knight (Zig:14)
  A draconian scorcher (Zot:2)
  2 draconian stormcallers
  A ghoul (Zig:20)
  A cacodemon (Hell)
  3 reapers (Hell)
  2 orc warlords (Zig:12)
  A draconian annihilator (Zot:4)
  A stone giant (Zig:19)
  A quicksilver ooze (Zig:9)
  A very ugly thing (Zig:13)
  2 eleionomae (Zig:20)
  A deep elf death mage (Crypt:2)
  2 bennus (Tomb:3)
  5 black draconians
  A vampire knight (Crypt:1)
  2 green draconians (Zot:2)
  A white draconian (Zot:2)
  18 war gargoyles
  4 red draconians
  2 yellow draconians
  2 blizzard demons (Zig:14)
  A bunyip (Zig:20)
  2 purple draconians (Zot:3)
  2 green deaths
  An eidolon (Crypt:2)
  6 mummy priests
  6 ettins (Zig:19)
  7 iron golems
  A deep elf high priest (Zig:15)
  2 merfolk javelineers (Zig:11)
  A caustic shrike simulacrum (Zig:14)
  2 shambling mangroves (Zig:20)
  3 salamander tyrants (Zig:18)
  A spriggan zombie (Hell)
  An ironbound frostheart (Zig:14)
  An alligator (Swamp:1)
  An anaconda (Zig:18)
  A two-headed ogre (Zig:12)
  4 hydras (Zig:20)
  A ghost crab (Zig:20)
  2 dancing weapons (Zig:15)
  2 merfolk avatars (Zig:11)
  2 stokers (Zig:21)
  8 boulder beetles (Dis:2)
  7 hell hogs
  11 death scarabs
  2 vampire magi (Crypt:1)
  3 sun demons (Hell)
  2 shock serpents (Zig:18)
  8 crystal echidnas
  2 deep elf knights (Zig:15)
  A naga sharpshooter (Zig:18)
  3 soul eaters
  2 naga warriors (Zig:18)
  2 skeletal warriors (Tomb:3)
  An iron troll (Zig:12)
  A salamander mystic (Zig:18)
  3 deep elf archers (Zig:15)
  2 goliath frogs
  4 spriggan druids (Zig:20)
  A mana viper (Zig:18)
  A death drake (Zig:20)
  A shadow demon (Zot:5)
  A naga ritualist (Zig:18)
  2 sea snakes (Zig:11)
  A golden dragon skeleton (Zig:10)
  A necromancer (Hell)
  2 bog bodies (Zig:20)
  A phantasmal warrior (Hell)
  An obsidian statue (Zig:15)
  An obsidian bat (Zig:12)
  2 orc knights (Zig:12)
  A harpy (Zig:11)
  A shadow dragon skeleton (Hell)
  5 deep elf zephyrmancers
  2 shining eyes (Zig:9)
  An orc sorcerer (Zig:12)
  3 deep elf pyromancers
  5 cyclopes
  2 manticores (Zig:11)
  An apocalypse crab (Zig:13)
  2 naga magi (Zig:18)
  A salamander (Zig:18)
  3 guardian serpents (Zig:18)
  2 kobold blastminers (Zig:12)
  4 moths of wrath
  A merfolk siren (Zig:11)
  2 dire elephant zombies (Tomb:3)
  2 rust devils (Hell)
  6 black mambas (Zig:18)
  3 smoke demons
  A water nymph (Zig:11)
  An orange demon (Hell)
  A centaur skeleton (Tomb:3)
  5 hellions
  A freezing wraith (Hell)
  An alligator snapping turtle skeleton (Hell)
  11 guardian mummies
  3 rime drakes (Zig:14)
  2 tormentors
  A red devil (Hell)
  3 merfolk
  A troll (Zig:12)
  3 hornets (Zig:20)
  A tarantella (shapeshifter) (Zig:13)
  3 hellwings (Zot:4)
  3 snapping turtles (Zig:11)
  3 slime creatures (Zig:9)
  2 glass eyes (Zig:9)
  An air elemental (Zig:15)
  A water elemental (Zig:7)
  A fire elemental (Zig:15)
  5 ushabtiu (Tomb:3)
  4 wargs (Zig:12)
  2 chaos spawn (Zig:13)
  7 orc warriors (Zig:12)
  4 ogres (Zig:12)
  An earth elemental (Zig:7)
  2 orc wizards (Zig:12)
  9 mummies
470 creatures vanquished.

Vanquished Creatures (others)
  An ancient lich (Zot:5)
  A juggernaut (Zig:19)
  A royal mummy (Zig:10)
  2 caustic shrikes
  3 Hell Sentinels (Dis:7)
  5 iron giants
  2 hellephants (Zig:21)
  6 Orb Guardians (Zot:5)
  2 searing wretches (Zig:21)
  A quicksilver dragon (Zot:2)
  A death cob (Zot:5)
  4 ancient champions
  2 nagarajas (Zig:18)
  An azure jelly (Zig:14)
  4 frost giants (Zig:19)
  A fire giant (Depths:2)
  A ghost moth (Spider:4)
  2 balrugs (Zig:21)
  A deep elf annihilator (Zig:15)
  A black draconian (Zot:3)
  An eleionoma (Zig:20)
  5 bennus
  8 war gargoyles (Dis:7)
  3 purple draconians
  2 bunyips
  A wendigo (Coc:7)
  A mummy priest (Tomb:3)
  A green death (Zig:20)
  A caustic shrike simulacrum (Coc:7)
  2 rakshasas (Pan)
  5 death scarabs
  A naga sharpshooter (Zig:18)
  A vampire mage (Crypt:2)
  A deep elf knight (Elf:2)
  A salamander mystic (Zig:18)
  A goliath frog (Swamp:2)
  A spatial maelstrom (Abyss:3)
  A deep elf archer (Zig:15)
  A quicksilver dragon simulacrum (Coc:4)
  A swamp dragon (Zig:20)
  A large abomination (Abyss:3)
  A spriggan simulacrum (Coc:7)
  4 deep elf pyromancers
  2 black mambas (Zig:18)
  A naga mage (Zig:18)
  2 smoke demons
  A titan simulacrum (Coc:5)
  2 hellions
  A rime drake (Zig:14)
  2 tormentors
  A golden dragon simulacrum (Coc:7)
  11 guardian mummies (Tomb:3)
  A merfolk (Zig:11)
  A harpy skeleton (Abyss:1)
  5 bloated husks
  A troll (Zig:12)
  A tyrant leech (Swamp:1)
  2 hellwings (Pan)
  A hornet (Swamp:2)
  An iron dragon simulacrum (Coc:4)
  An ettin skeleton (Tomb:3)
  An air elemental (Zig:8)
  A slime creature (Zig:9)
  A water elemental (Zig:15)
  5 ushabtiu (Tomb:3)
  A golden eye (Abyss:3)
  4 harpy simulacra
  3 small abominations
  A naga simulacrum (Abyss:3)
  A howler monkey (D:8)
  A quasit (Abyss:3)
  An orc wizard (Vaults:5)
  11 mummies
  An ufetubus (Abyss:1)
  An orc (Vaults:5)
  A kobold (D:4)
  A ball lightning (Pan)
  A creeping inferno (Geh:2)
  40 foxfires
  2 lurking horrors
  A spectral weapon (Zig:20)
  19 starspawn tentacles
222 creatures vanquished.

Grand Total: 5288 creatures vanquished

Notes
Turn   | Place    | Note
-------+----------+-------------------------------------------
     0 | D:1      | blister the Octopode Shapeshifter began the quest for the
                  | Orb.
     0 | D:1      | Reached XP level 1. HP: 13/13 MP: 1/1
    64 | D:1      | Reached skill level 1 in Stealth
   160 | D:1      | Reached XP level 2. HP: 18/18 MP: 2/2
   717 | D:1      | Reached XP level 3. HP: 23/23 MP: 3/3
  1051 | D:2      | Found Atacw's Assorted Antiques.
  1580 | D:2      | Found a blossoming altar of Fedhas.
  1958 | D:2      | Found a faded altar of an unknown god.
  2198 | D:3      | Reached XP level 4. HP: 28/29 MP: 4/4
  2532 | D:3      | Noticed Terence
  2663 | D:3      | Identified the +0 robe "Xoizoll" {Harm rElec}
  2918 | D:4      | Noticed a scorpion
  3155 | D:4      | Reached XP level 5. HP: 35/35 MP: 5/5
  3172 | D:4      | Reached XP level 6. HP: 32/42 MP: 6/6
  3255 | D:4      | Noticed a steam dragon
  3593 | D:5      | Entered Level 5 of the Dungeon
  3617 | D:5      | Found a runed translucent gate.
  3618 | D:5      | Found a runed translucent gate.
  3618 | D:5      | Found a runed translucent gate.
  3620 | D:5      | Noticed IQJUMP's ghost (novice TrMo)
  3620 | D:5      | Noticed 123123's ghost (novice OpSh)
  3621 | D:5      | Noticed csikos's ghost (novice OpSh)
  3621 | D:5      | Noticed Lovepenguin's ghost (amateur DEEn)
  3713 | D:5      | Reached XP level 7. HP: 47/47 MP: 7/7
  3758 | D:5      | Reached skill level 5 in Unarmed Combat
  3810 | D:5      | Found a sand-covered staircase.
  3820 | Ossuary  | Entered an ossuary
  3844 | Ossuary  | Reached skill level 5 in Shapeshifting
  3871 | Ossuary  | Found an ancient bone altar of Kikubaaqudgha.
  3890 | Ossuary  | Reached XP level 8. HP: 36/54 MP: 8/8
  3896 | Ossuary  | Reached skill level 5 in Fighting
  4471 | D:5      | Found a white marble altar of Elyvilon.
  4658 | D:6      | Noticed Blork the orc
  4661 | D:6      | Found a sparkling altar of Nemelex Xobeh.
  4897 | D:6      | Reached XP level 9. HP: 59/63 MP: 9/9
  4939 | D:6      | Found a glowing drain.
  4949 | Sewer    | Entered a sewer
  5662 | D:3      | Killed Terence
  5768 | D:6      | Found a glowing silver altar of Zin.
  6124 | D:7      | Found an opulent altar of Gozag.
  6147 | D:7      | Became a worshipper of Gozag Ym Sagoz the Greedy
  6303 | D:7      | Found a staircase to the Ecumenical Temple.
  6397 | D:7      | Learned a level 3 spell: Frozen Ramparts
  6580 | D:7      | Reached XP level 10. HP: 65/73 MP: 10/10
  6852 | D:2      | Bought a scroll labelled MATALLUSIU for 21 gold pieces
  6852 | D:2      | Bought a silvery potion for 18 gold pieces
  6852 | D:2      | Bought a purple potion for 18 gold pieces
  6852 | D:2      | Bought a fuming inky potion for 18 gold pieces
  6852 | D:2      | Bought a scroll labelled YKOIDUWKAZI for 21 gold pieces
  6968 | D:8      | Found a hazy altar of Hepliaklqana.
  6984 | D:8      | Identified the +7 falchion "Boiweika" {protect, rElec Str+8
                  | Dex-3 Stlth-}
  7754 | D:8      | Found Vokka's Armour Shoppe.
  8161 | D:9      | Reached skill level 5 in Stealth
  8166 | D:9      | Found a flagged portal.
  8197 | D:9      | Found a blossoming altar of Fedhas.
  8236 | Bailey   | Entered a bailey
  8535 | Bailey   | Reached skill level 5 in Dodging
  8684 | Bailey   | Found a bloodstained altar of Trog.
  8951 | D:9      | Reached skill level 1 in Evocations
  9035 | D:9      | Noticed Erica
  9950 | D:10     | Entered Level 10 of the Dungeon
 10072 | D:10     | Reached XP level 11. HP: 69/80 MP: 11/11
 10240 | D:10     | Noticed Nergalle
 10321 | D:10     | Reached skill level 5 in Evocations
 10945 | D:10     | Noticed Grum
 10964 | D:10     | Killed Grum
 11335 | D:5      | Killed Lovepenguin's ghost
 11342 | D:5      | Killed 123123's ghost
 11736 | D:11     | Noticed a boulder beetle
 11867 | D:11     | Noticed a boulder beetle
 11879 | D:11     | Killed a boulder beetle
 11934 | D:11     | Found a staircase to the Orcish Mines.
 11934 | D:11     | Noticed a two-headed ogre
 12326 | D:11     | Learned a level 2 spell: Blink
 12448 | D:11     | Found a staircase to the Lair.
 12543 | D:11     | Reached skill level 1 in Translocations
 12544 | D:11     | Reached skill level 1 in Spellcasting
 12785 | D:11     | Killed a two-headed ogre
 12914 | D:11     | Killed a boulder beetle
 12915 | D:11     | Reached XP level 12. HP: 53/85 MP: 15/15
 13009 | Lair:1   | Entered Level 1 of the Lair of Beasts
 14374 | Lair:1   | Reached skill level 5 in Translocations
 14697 | Lair:1   | Reached skill level 5 in Spellcasting
 15075 | Lair:2   | Reached skill level 10 in Shapeshifting
 15168 | Lair:2   | Reached skill level 1 in Ice Magic
 15259 | Lair:2   | Found a hole to the Spider Nest.
 15574 | Lair:2   | Reached XP level 13. HP: 44/90 MP: 22/22
 16297 | Lair:2   | Reached skill level 5 in Ice Magic
 16964 | Lair:2   | Found a staircase to the Swamp.
 17818 | Lair:3   | Identified the ring "Daced" {rF+ rC- Str+3 Dex+5}
 18398 | Lair:3   | Reached skill level 10 in Fighting
 18404 | Lair:3   | Reached skill level 10 in Unarmed Combat
 18857 | Lair:3   | You are sucked into a shaft and drop 2 floors!
 18857 | Lair:5   | Entered Level 5 of the Lair of Beasts
 19104 | Lair:5   | Found a staircase to the Slime Pits.
 19482 | Lair:5   | Reached XP level 14. HP: 70/99 MP: 23/23
 21085 | Lair:4   | Noticed Snorg
 21109 | Lair:4   | Killed Snorg
 21658 | Lair:4   | Learned a level 2 spell: Lesser Beckoning
 21816 | Lair:4   | Noticed Josephine
 21825 | Lair:4   | Killed Josephine
 22456 | Lair:5   | Found a large runed translucent door.
 22457 | Lair:5   | Found a large runed translucent door.
 23544 | Orc:1    | Entered Level 1 of the Orcish Mines
 23664 | Orc:1    | Paralysed by an orc sorcerer for 3 turns
 23736 | Orc:1    | Found Epladdoigi's Book Boutique.
 24230 | Orc:2    | Entered Level 2 of the Orcish Mines
 24255 | Orc:2    | Found Tudoec's Book Emporium.
 24288 | Orc:2    | Noticed an orc warlord
 24309 | Orc:2    | Killed an orc warlord
 24310 | Orc:2    | Reached skill level 10 in Dodging
 24388 | Orc:2    | Found Wuphekew's Antique Weapon Shoppe.
 24566 | Orc:2    | Bought a book of Movement for 560 gold pieces
 24566 | Orc:2    | Bought the Folio of the Projective Blizzard for 532 gold
                  | pieces
 24570 | Orc:2    | Learned a level 3 spell: Ozocubu's Armour
 24575 | Orc:2    | Learned a level 4 spell: Vhi's Electric Charge
 25120 | Orc:2    | Reached XP level 15. HP: 74/107 MP: 24/24
 25381 | Orc:2    | Paralysed by an orc sorcerer for 3 turns
 25509 | Orc:2    | Found Siobin's Antique Armour Shop.
 25540 | Orc:2    | Found Aleong's General Store.
 25841 | Orc:2    | Bought a scroll of identify for 30 gold pieces
 25842 | Orc:2    | Reached XP level 16. HP: 114/114 MP: 25/25
 25843 | Orc:2    | Reached XP level 17. HP: 119/119 MP: 26/26
 25896 | Orc:2    | Found a staircase to the Elven Halls.
 25962 | Orc:2    | Bought a scroll of identify for 36 gold pieces
 25964 | Orc:2    | Bought a potion of heal wounds for 95 gold pieces
 25964 | Orc:2    | Bought a potion of haste for 190 gold pieces
 25964 | Orc:2    | Bought a potion of attraction for 57 gold pieces
 25964 | Orc:2    | Bought a potion of ambrosia for 152 gold pieces
 26044 | D:12     | Noticed Jorgrun
 26310 | D:12     | Killed Jorgrun
 26398 | D:12     | Noticed Lodul
 26405 | D:12     | Killed Lodul
 26900 | D:12     | Identified the +6 executioner's axe of the Winnowing Queen
                  | {holy, *Noise Dex+6}
 27093 | D:12     | Got the Book of Flames and the Boulder
 27596 | D:12     | Identified the +10 falchion of Rosot {flame, rElec Int+2}
 28696 | D:12     | Noticed Sonja
 29967 | D:14     | Found a radiant altar of Vehumet.
 30802 | D:14     | Found a gate to the Vaults.
 31180 | D:14     | Got Hamp's Papyrus of the Exothermic Ouroboros
 31400 | D:15     | Entered Level 15 of the Dungeon
 31434 | D:15     | Found a staircase to the Depths.
 31782 | D:15     | Learned a level 5 spell: Freezing Cloud
 31801 | D:15     | Reached skill level 10 in Ice Magic
 32118 | D:15     | Found a runed translucent gate.
 32118 | D:15     | Found a runed translucent gate.
 32118 | D:15     | Found a runed translucent gate.
 32121 | D:15     | Noticed Hapel's ghost (adept CoBe)
 32988 | D:5      | Killed csikos's ghost
 33008 | D:5      | Killed IQJUMP's ghost
 33130 | D:6      | Killed Blork the orc
 33540 | D:9      | Killed Erica
 33597 | D:9      | Found a shimmering blue altar of Sif Muna.
 33723 | D:10     | Killed Nergalle
 33724 | D:10     | Reached XP level 18. HP: 126/126 MP: 31/31
 33735 | D:10     | Bought a potion of might for 64 gold pieces
 33737 | D:10     | Bought the ring "Dysiytax" {+Blink rC+ rN+ Str+4} for 889
                  | gold pieces
 33812 | Swamp:1  | Entered Level 1 of the Swamp
 33835 | Swamp:1  | Reached skill level 1 in Conjurations
 33835 | Swamp:1  | Reached skill level 1 in Air Magic
 35764 | Swamp:2  | Reached skill level 5 in Conjurations
 35764 | Swamp:2  | Reached skill level 5 in Air Magic
 35813 | Swamp:2  | HP: 6/124 [seven-headed hydra (5)]
 35902 | Swamp:2  | Reached skill level 10 in Spellcasting
 37985 | Swamp:3  | Found a bloodstained altar of Trog.
 37985 | Swamp:3  | Noticed DANddo's ghost (adept DrSh)
 37985 | Swamp:3  | Found the +5 scythe "Finisher" {speed, execute}
 37997 | Swamp:3  | Found a transporter.
 38005 | Swamp:3  | Found a transporter.
 38012 | Swamp:3  | Found a glowing golden altar of the Shining One.
 39646 | Swamp:4  | Entered Level 4 of the Swamp
 39647 | Swamp:4  | Noticed a tentacled monstrosity
 39799 | Spider:1 | Entered Level 1 of the Spider Nest
 40880 | Spider:1 | Reached XP level 19. HP: 131/131 MP: 33/33
 41228 | Spider:1 | Identified the ring "Xeisaew" {Will+ Str+2}
 41442 | Spider:1 | Found a hide-covered altar of Uskayaw.
 41948 | Spider:2 | Reached skill level 15 in Shapeshifting
 44355 | Spider:4 | Entered Level 4 of the Spider Nest
 46077 | Spider:4 | Got a gossamer rune of Zot
 46177 | Spider:4 | Reached XP level 20. HP: 141/141 MP: 34/34
 47196 | Swamp:4  | Noticed Louise
 47221 | Swamp:4  | Killed Louise
 47713 | Swamp:4  | Got a decaying rune of Zot
 47889 | Orc:2    | Bought the ring of the Princeling {Wiz Will+ Int+3} for 684
                  | gold pieces
 47889 | Orc:2    | Bought the ring of the Median {rC+ Str+7 Int-4 Dex+6
                  | Stlth+} for 751 gold pieces
 47921 | Elf:1    | Entered Level 1 of the Elven Halls
 48142 | Elf:1    | Reached skill level 15 in Fighting
 48142 | Elf:1    | Reached skill level 15 in Unarmed Combat
 48223 | Elf:1    | Found a flickering gateway to a bazaar.
 48235 | Bazaar   | Entered a bazaar
 48300 | Bazaar   | Found Epacwyg's Assorted Antiques.
 48300 | Bazaar   | Found Etaggonge's Distillery.
 48322 | Bazaar   | Found Omamei Qoix's Weapon Emporium.
 48322 | Bazaar   | Found Ryloih's Magic Scroll Shoppe.
 48344 | Bazaar   | Found Reg Ucon's Assorted Antiques.
 48360 | Bazaar   | Found Uqoeh's Antique Weapon Emporium.
 48420 | Bazaar   | Bought a scroll of teleportation for 33 gold pieces
 48420 | Bazaar   | Bought a scroll of enchant armour for 82 gold pieces
 48420 | Bazaar   | Bought a scroll of blinking for 82 gold pieces
 48434 | Bazaar   | Bought a potion of curing for 54 gold pieces
 48440 | Bazaar   | Bought a potion of enlightenment for 40 gold pieces
 48440 | Bazaar   | Bought a potion of mutation for 64 gold pieces
 48440 | Bazaar   | Bought a potion of cancellation for 64 gold pieces
 48440 | Bazaar   | Bought a potion of brilliance for 32 gold pieces
 48440 | Bazaar   | Bought a potion of heal wounds for 40 gold pieces
 48440 | Bazaar   | Bought a potion of resistance for 80 gold pieces
 48440 | Bazaar   | Bought a potion of heal wounds for 40 gold pieces
 48440 | Bazaar   | Bought a potion of curing for 24 gold pieces
 48440 | Bazaar   | Bought 2 potions of attraction for 48 gold pieces
 48468 | Bazaar   | Bought 2 potions of haste for 520 gold pieces
 49441 | Elf:2    | Paralysed by an air elemental for 1 turns
 49652 | Elf:2    | Found Ymous's Assorted Antiques.
 49738 | Elf:2    | Found a runed translucent gate.
 49738 | Elf:2    | Found a runed translucent gate.
 49739 | Elf:2    | Found a runed translucent gate.
 49965 | Elf:2    | Reached XP level 21. HP: 125/151 MP: 36/36
 50682 | Elf:3    | Entered Level 3 of the Elven Halls
 50827 | Elf:3    | Identified the +2 quarterstaff of the Bursting Wasp {venom,
                  | rF+ Str+3}
 50974 | Elf:3    | Found a transporter.
 50978 | Elf:3    | Found Muoxzeel's Antique Weapon Emporium.
 50980 | Elf:3    | Found a transporter.
 50997 | Elf:3    | Identified the +5 sling of Ycod {drain, rPois rF+ Stlth+}
 51074 | Elf:3    | Found Zaqeath's Neck Hole.
 51103 | Elf:3    | Noticed Zenata
 51114 | Elf:3    | Killed Zenata
 51630 | Vaults:1 | Entered Level 1 of the Vaults
 51762 | Vaults:1 | Found a magical portal.
 51767 | WizLab   | Entered The Chambers of the Cloud Mage
 51773 | WizLab   | Paralysed by an air elemental for 1 turns
 51777 | WizLab   | Paralysed by an air elemental for 1 turns
 51782 | WizLab   | Paralysed by an air elemental for 1 turns
 51787 | WizLab   | Paralysed by an air elemental for 1 turns
 51790 | WizLab   | Paralysed by an air elemental for 1 turns
 51795 | WizLab   | Paralysed by an air elemental for 1 turns
 51801 | WizLab   | Paralysed by an air elemental for 1 turns
 51978 | WizLab   | Paralysed by an air elemental for 1 turns
 52470 | WizLab   | Identified the ring "Qubaf" {rN+ Will- AC+4 Int+3 Dex+2}
 52481 | WizLab   | Reached skill level 15 in Ice Magic
 52486 | WizLab   | Identified 3 scrolls of acquirement
 52537 | WizLab   | Got the Spellbook of the Cumulonimbus
 52538 | WizLab   | Identified the ring "Purine" {Fly Dex+2}
 52617 | Vaults:1 | Acquired a manual of Evocations
 52619 | Vaults:1 | Acquired the ring of Hein {rN+ EV+5 Dex+2}
 52685 | Vaults:1 | Learned a level 7 spell: Ozocubu's Refrigeration
 53293 | Vaults:1 | Identified the blade talisman of Nuwyoxt {rElec rPois}
 53309 | Vaults:1 | Found Ybyazyskug's Armour Emporium.
 54238 | Vaults:2 | Noticed Bai Suzhen
 54818 | Vaults:2 | Noticed Xtahua
 54826 | Vaults:2 | Killed Xtahua
 54827 | Vaults:2 | Reached XP level 22. HP: 157/157 MP: 14/40
 54973 | Vaults:2 | Noticed Asterion
 54978 | Vaults:2 | Killed Asterion
 55026 | Vaults:2 | Found Syprin's Distillery.
 55034 | Vaults:2 | Bought a potion of heal wounds for 80 gold pieces
 55034 | Vaults:2 | Bought a potion of attraction for 48 gold pieces
 55034 | Vaults:2 | Bought a potion of attraction for 48 gold pieces
 55034 | Vaults:2 | Bought a potion of heal wounds for 80 gold pieces
 55034 | Vaults:2 | Bought a potion of heal wounds for 80 gold pieces
 55034 | Vaults:2 | Bought a potion of heal wounds for 80 gold pieces
 55191 | Vaults:2 | Reached skill level 15 in Spellcasting
 55816 | Vaults:3 | Found a crumbling gateway.
 55823 | Desolati | Entered the Desolation of Salt
 55867 | Desolati | Learned a level 5 spell: Silence
 55888 | Desolati | Reached skill level 1 in Hexes
 56051 | Desolati | Identified the +6 scale mail of Aseug {Harm Str+4}
 56079 | Desolati | Identified the +10 mace "Geloapra" {drain, MP+9}
 56087 | Desolati | Identified the +2 orcbow "Custrucuc" {heavy, rElec rPois
                  | Dex+2}
 56098 | Desolati | Identified the ring of Lady Luck {Will+ Str+2}
 56210 | Desolati | Reached skill level 5 in Hexes
 56215 | Desolati | Identified the amulet "Vuoraene" {Faith rN+ Str+3}
 56743 | Vaults:3 | Noticed Margery
 56763 | Vaults:3 | Killed Margery
 57064 | Vaults:3 | Found a staircase to the Crypt.
 57277 | Vaults:3 | Reached XP level 23. HP: 162/162 MP: 40/42
 58843 | Vaults:4 | Found Cirasmiss's Distillery.
 58849 | Vaults:4 | Bought a potion of heal wounds for 75 gold pieces
 58849 | Vaults:4 | Bought a potion of heal wounds for 75 gold pieces
 58849 | Vaults:4 | Bought a potion of haste for 150 gold pieces
 58849 | Vaults:4 | Bought 2 potions of mutation for 240 gold pieces
 58849 | Vaults:4 | Bought a potion of attraction for 45 gold pieces
 58849 | Vaults:4 | Bought a potion of invisibility for 120 gold pieces
 59504 | Vaults:2 | Killed Bai Suzhen
 60048 | Elf:3    | Identified the +2 broad axe of a ziggurat {protect, +Blink
                  | rElec}
 60122 | Elf:3    | Reached XP level 24. HP: 98/169 MP: 37/42
 60278 | Elf:3    | Identified the staff "Ehiabben" {rF- Str+5 Tloc Earth}
 60284 | Elf:3    | Identified the +0 scale mail of Elyvilon's Outrage {Regen+
                  | Dex+5}
 60287 | Elf:3    | Identified the +3 triple crossbow of Titaw {penet, rN++
                  | rCorr}
 60334 | Elf:3    | Identified the +5 mace of Fomavu {freeze, *Noise rElec
                  | Int+4 Stlth+}
 60369 | Elf:3    | Identified the +1 robe "Getexoala" {rPois rN+}
 60424 | Elf:3    | Got the Elucidation of Detritus and the Nimbus
 60429 | Elf:3    | Learned a level 3 spell: Fugue of the Fallen
 60668 | Depths:1 | Entered Level 1 of the Depths
 60838 | Crypt:1  | Entered Level 1 of the Crypt
 60848 | Crypt:1  | Reached skill level 1 in Necromancy
 61240 | Crypt:1  | Found a transporter.
 61242 | Crypt:1  | Found a transporter.
 61245 | Crypt:1  | Noticed an ancient lich
 61416 | Crypt:1  | Found a transporter.
 61418 | Crypt:1  | Found a transporter.
 61439 | Crypt:1  | Found a transporter.
 62235 | Crypt:2  | Reached skill level 5 in Necromancy
 62667 | Crypt:2  | Found a transporter.
 62778 | Crypt:2  | Found a transporter.
 62957 | Crypt:3  | Entered Level 3 of the Crypt
 62972 | Crypt:3  | Found an ancient bone altar of Kikubaaqudgha.
 62974 | Crypt:3  | Noticed an ancient lich
 62981 | Crypt:3  | Killed an ancient lich
 63073 | Crypt:3  | Learned a level 5 spell: Yara's Violent Unravelling
 63438 | Crypt:3  | Identified the ring "Xoonaosa" {rF+ rC+ Will+ Int+2 Dex-3
                  | SInv}
 63518 | Crypt:3  | Found a staircase to the Tomb.
 63655 | Crypt:3  | Identified the +6 bardiche of War {speed, Will+++}
 63659 | Crypt:3  | Identified the +5 mace "Gixaack" {spect, rF++ Str+2}
 64563 | Crypt:2  | Found a basalt altar of Yredelemnul.
 64804 | Depths:1 | Noticed Norris
 64949 | D:15     | Reached XP level 25. HP: 160/174 MP: 31/42
 65049 | D:15     | Killed Hapel's ghost
 65147 | Depths:1 | Killed Norris
 65441 | Depths:1 | Found an opulent altar of Gozag.
 65571 | Depths:1 | Found a one-way gate leading to the halls of Pandemonium.
 65610 | Depths:1 | Found a gateway to Hell.
 65835 | Depths:2 | Identified the ring "Nydghog" {+Blink rC++ rCorr}
 65868 | Depths:2 | Noticed a juggernaut
 65876 | Depths:2 | Killed a juggernaut
 66480 | Depths:2 | Found a one-way gateway to a ziggurat.
 66496 | Depths:2 | Got the Octavo of the Akabeko
 66502 | Depths:2 | Identified the staff "Luxkicai" {Fly rElec Str-3 Dex+4 Air}
 66569 | Depths:2 | Identified the amulet "Gurghoe" {Faith Slay+5}
 66708 | Depths:2 | Identified the +7 quarterstaff "Porou" {holy, Dex+3}
 67503 | Depths:3 | Found Celatsal's Antique Armour Emporium.
 67508 | Depths:3 | Found Xaxy's Distillery.
 67521 | Depths:3 | Reached XP level 26. HP: 153/180 MP: 39/42
 67575 | Depths:3 | Bought a runed orb for 336 gold pieces
 67583 | Depths:3 | Bought a potion of might for 92 gold pieces
 67583 | Depths:3 | Bought a potion of might for 92 gold pieces
 67583 | Depths:3 | Bought a potion of cancellation for 184 gold pieces
 67583 | Depths:3 | Bought a potion of heal wounds for 115 gold pieces
 67600 | Depths:3 | Noticed the Enchantress
 67754 | Depths:3 | Killed the Enchantress
 68137 | Depths:3 | Noticed a juggernaut
 68146 | Depths:3 | Killed a juggernaut
 68419 | Depths:3 | Found a one-way gate to the infinite horrors of the Abyss.
 68660 | Depths:3 | Acquired the ring "Vomeh" {rElec Will- EV+5 Slay+4}
 68661 | Depths:3 | Acquired Sif Muna's Catalogue of Hiemal Portents
 68726 | Depths:4 | Entered Level 4 of the Depths
 69026 | Depths:4 | Learned a level 9 spell: Polar Vortex
 69514 | Depths:4 | Found a gate to the Realm of Zot.
 69984 | Vaults:5 | Entered Level 5 of the Vaults
 70017 | Vaults:5 | Noticed a dread lich
 70022 | Vaults:5 | Killed a dread lich
 70094 | Vaults:5 | Identified the +0 tower shield of the Ego {Harm rC- Will+
                  | Str+4}
 70304 | Vaults:5 | Identified the +6 spear of Ezxiof {flame, ^Fragile Str+3
                  | Int+6 Dex+3}
 70340 | Vaults:5 | Identified the +6 halberd of Dithmenos, Wizarding
                  | {antimagic, rElec rPois Str+2}
 70497 | Vaults:5 | Noticed an ancient lich
 70504 | Vaults:5 | Killed an ancient lich
 70505 | Vaults:5 | Reached XP level 27. HP: 186/186 MP: 32/42
 70638 | Vaults:5 | Noticed a dread lich
 70642 | Vaults:5 | Identified the ring "Ynarid" {Fly rPois rN+ Will+}
 70644 | Vaults:5 | Killed a dread lich
 70997 | Vaults:5 | Found the necklace of Bloodlust {Fury *Rage Will++ Int-3
                  | Slay+6}
 71179 | Vaults:5 | Identified the staff "Oburchos" {^Contam rPois rF+ rC+
                  | Alchemy}
 71467 | Vaults:5 | Identified the amulet "Asmuk" {Faith Dex+4 Stlth+}
 71473 | Vaults:5 | Got a silver rune of Zot
 71905 | Slime:1  | Entered Level 1 of the Pits of Slime
 72454 | Slime:2  | Found a viscous altar of Jiyva.
 74062 | Slime:5  | Entered Level 5 of the Pits of Slime
 74134 | Slime:5  | Noticed the Royal Jelly
 74145 | Slime:5  | Killed the Royal Jelly
 74399 | Slime:5  | Identified the ring of Racukk {*Slow rC+ rCorr Dex+5}
 74410 | Slime:5  | Got a slimy rune of Zot
 74438 | Slime:5  | Identified the ring of Equilibrium {rElec Will+++ Dex-2
                  | SInv}
 74446 | Slime:5  | Identified the amulet "Gueditt" {-Tele Harm RegenMP+ Str+3}
 75598 | Slime:5  | Learned a level 8 spell: Discord
 75835 | Orc:2    | Bought a manual of Stealth for 1120 gold pieces
 75835 | Orc:2    | Bought a manual of Conjurations for 1120 gold pieces
 75837 | Orc:2    | Bought 2 scrolls of teleportation for 132 gold pieces
 75837 | Orc:2    | Bought a scroll of teleportation for 66 gold pieces
 75839 | Orc:2    | Bought a scroll of teleportation for 111 gold pieces
 75839 | Orc:2    | Bought a scroll of fog for 148 gold pieces
 75847 | Orc:2    | Learned a level 7 spell: Enfeeble
 76017 | Depths:3 | Voluntarily entered the Abyss.
 76743 | Abyss:1  | Identified the +0 tower shield of Bemofrap {^Drain rPois
                  | rF+ Dex+3}
 76759 | Abyss:1  | Noticed an ancient lich
 76764 | Abyss:1  | Killed an ancient lich
 76765 | Abyss:1  | Reached skill level 10 in Hexes
 76873 | Abyss:1  | Learned a level 1 spell: Apportation
 76954 | Depths:3 | Escaped the Abyss
 77055 | Depths:3 | Voluntarily entered the Abyss.
 77091 | Abyss:1  | Found a corrupted altar of Lugonu.
 77122 | Abyss:1  | Reached skill level 15 in Hexes
 77173 | Abyss:1  | Found a corrupted altar of Lugonu.
 77533 | Abyss:2  | Found a corrupted altar of Lugonu.
 77540 | Abyss:2  | Found a corrupted altar of Lugonu.
 77586 | Abyss:2  | Found a corrupted altar of Lugonu.
 77605 | Abyss:2  | Found a corrupted altar of Lugonu.
 77641 | Abyss:2  | Gained mutation: Your spells are a little harder to cast,
                  | but a little more powerful. [a neqoxec]
 77642 | Abyss:2  | Gained mutation: You are robust. (+10% HP) [a neqoxec]
 77643 | Abyss:2  | Lost mutation: You are robust. (+10% HP) [a neqoxec]
 77644 | Abyss:2  | Gained mutation: You occasionally lose the ability to drink
                  | potions when taking damage. [a neqoxec]
 77676 | Abyss:2  | Found a corrupted altar of Lugonu.
 77676 | Abyss:2  | Found a corrupted altar of Lugonu.
 77770 | Abyss:2  | Lost mutation: Your spells are a little harder to cast, but
                  | a little more powerful. [potion of mutation]
 77770 | Abyss:2  | Lost mutation: You occasionally lose the ability to drink
                  | potions when taking damage. [potion of mutation]
 77770 | Abyss:2  | Gained mutation: Your system is resistant to poisons.
                  | (rPois) [potion of mutation]
 77969 | Abyss:3  | Found a corrupted altar of Lugonu.
 78163 | Abyss:3  | Paralysed by accursed screaming for 1 turns
 78173 | Abyss:3  | Paralysed by accursed screaming for 1 turns
 78267 | Abyss:3  | Found a corrupted altar of Lugonu.
 78295 | Abyss:3  | Paralysed by accursed screaming for 1 turns
 78335 | Abyss:3  | Got an abyssal rune of Zot
 78519 | Depths:3 | Escaped the Abyss
 78618 | Hell     | Entered the Vestibule of Hell
 78619 | Hell     | Noticed Geryon
 78638 | Hell     | Killed Geryon
 78824 | Hell     | Found a gateway to the Iron City of Dis.
 78902 | Hell     | Found a gateway to the ashen valley of Gehenna.
 79165 | Hell     | Found a gateway to the decaying netherworld of Tartarus.
 79236 | Hell     | Found a gateway to the freezing wastes of Cocytus.
 79599 | D:12     | Killed Sonja
 79775 | Swamp:3  | Killed DANddo's ghost
 80154 | Crypt:1  | Killed an ancient lich
 80289 | Crypt:1  | Identified the +1 pair of boots of Free Expression {Regen+
                  | Slay+2}
 80358 | Crypt:2  | Paralysed by a Zot trap for 4 turns
 80360 | Crypt:2  | Noticed an ancient lich
 80369 | Crypt:2  | Killed an ancient lich
 80481 | Crypt:2  | Identified the ring of Incredulity {rN+ Int+3 Dex+2}
 80489 | Crypt:2  | Identified the ring of Vexelaoc {EV+5 Dex+2 Stlth+}
 80791 | Zig:1    | Entered Level 1 of a ziggurat
 80810 | Zig:2    | Entered Level 2 of a ziggurat
 80831 | Zig:3    | Entered Level 3 of a ziggurat
 80848 | Zig:4    | Entered Level 4 of a ziggurat
 80887 | Zig:4    | Identified the staff of the Ethereal God {rElec rCorr SInv
                  | Conj}
 80903 | Zig:4    | Identified the +1 whip of Dullness {heavy, *Rage rF+ rC+
                  | rN+}
 80913 | Zig:5    | Entered Level 5 of a ziggurat
 80973 | Zig:5    | Identified the +7 glaive of Conformity {freeze, Will- rCorr
                  | MP+9 Dex-2}
 80977 | Zig:5    | Identified the -2 pair of gloves of the Unicorn {rPois}
 80981 | Zig:6    | Entered Level 6 of a ziggurat
 81054 | Zig:7    | Entered Level 7 of a ziggurat
 81112 | Zig:7    | Identified the +0 robe of the Trombone {Str+4}
 81132 | Zig:8    | Entered Level 8 of a ziggurat
 81143 | Zig:8    | Found the amulet of the Four Winds {rN+ Will+++ Clar}
 81217 | Zig:8    | Identified the +4 dagger of Lehudena {heavy, Dex+5}
 81249 | Zig:8    | Learned a level 4 spell: Passage of Golubria
 81256 | Zig:9    | Entered Level 9 of a ziggurat
 81264 | Zig:9    | Gained mutation: You do not regenerate when monsters are
                  | visible. [a shining eye]
 81271 | Zig:9    | Lost mutation: Your system is resistant to poisons. (rPois)
                  | [potion of mutation]
 81271 | Zig:9    | Lost mutation: You do not regenerate when monsters are
                  | visible. [potion of mutation]
 81271 | Zig:9    | Gained mutation: You have a pair of small antennae on your
                  | head. [potion of mutation]
 81271 | Zig:9    | Gained mutation: Your mind is acute. (Int +4, Str/Dex -1)
                  | [potion of mutation]
 81271 | Zig:9    | Gained mutation: Potions are less effective at restoring
                  | your health. [potion of mutation]
 81271 | Zig:9    | Gained mutation: You are somewhat resistant to further
                  | mutation. [potion of mutation]
 81344 | Zig:9    | Identified the +4 ring mail "Moigeica" {rElec Int+2}
 81352 | Zig:9    | Identified the +9 rapier "Coacastu" {drain, +Blink rPois
                  | rN+}
 81387 | Zig:10   | Entered Level 10 of a ziggurat
 81401 | Zig:10   | Noticed a royal mummy
 81416 | Zig:10   | Killed a royal mummy
 81494 | Zig:10   | Identified the +8 battleaxe of the Loving Cardinal {flame,
                  | rN++}
 81500 | Zig:10   | Identified the +3 morningstar of the Real Monster {holy,
                  | +Blink Int+2}
 81550 | Zig:11   | Entered Level 11 of a ziggurat
 81653 | Zig:11   | Acquired 1126 gold pieces
 81663 | Zig:11   | Identified the +8 chain mail of Kysuch {Str-5 Dex+4 Slay-3}
 81709 | Zig:12   | Entered Level 12 of a ziggurat
 81841 | Zig:12   | Identified the amulet "Zylileul" {Spirit ^Fragile rPois
                  | Dex+2}
 81842 | Zig:12   | Identified the ring of Cynicism {Fire *Slow Will++ Str+4
                  | Int+2}
 81843 | Zig:12   | Identified the staff "Puecia" {rElec Dex+4 Earth}
 81845 | Zig:12   | Identified the +5 short sword "About" {vamp, MP+9 Str+3}
 81924 | Zig:12   | Reached skill level 15 in Dodging
 81926 | Zig:13   | Entered Level 13 of a ziggurat
 81931 | Zig:13   | Noticed Quocerph the pandemonium lord
 81935 | Zig:13   | Noticed Votsylac the pandemonium lord
 81935 | Zig:13   | Noticed Bothraosm the pandemonium lord
 81942 | Zig:13   | Killed Votsylac the pandemonium lord
 81943 | Zig:13   | Killed Bothraosm the pandemonium lord
 81943 | Zig:13   | Killed Quocerph the pandemonium lord
 82084 | Zig:14   | Entered Level 14 of a ziggurat
 82101 | Zig:14   | Reached skill level 10 in Evocations
 82105 | Zig:14   | Found the +7 mace of Variability {chaos, chaos arc}
 82242 | Zig:14   | Identified the +2 long sword "Gijaenie" {spect, ^Drain
                  | rElec rF+++ Stlth+}
 82245 | Zig:14   | Identified the +2 shortbow "Umunae" {heavy, rF+++ Will++
                  | Str-5}
 82253 | Zig:14   | Identified the +2 flail of the Bedazzling Shark {antimagic,
                  | Will+ rCorr Str+4 Int-3}
 82310 | Zig:15   | Entered Level 15 of a ziggurat
 82317 | Zig:15   | Paralysed by an air elemental for 1 turns
 82331 | Zig:15   | Found the +8 lance "Wyrmbane" {slay drac, rPois rF+ rC+
                  | AC+3}
 82545 | Zig:15   | Identified the +6 sling of Pain and Death {speed, Int+3
                  | Dex+3}
 82552 | Zig:16   | Entered Level 16 of a ziggurat
 82562 | Zig:16   | Noticed a dread lich
 82571 | Zig:16   | Killed a dread lich
 82768 | Zig:16   | Reached skill level 15 in Evocations
 82849 | Zig:17   | Entered Level 17 of a ziggurat
 82897 | Zig:17   | Found the ring of the Mage {Wiz Archmagi}
 82924 | Zig:17   | Found the +12 glaive of Prune {freeze, Prune}
 83053 | Zig:18   | Entered Level 18 of a ziggurat
 83084 | Zig:18   | Reached skill level 10 in Stealth
 83226 | Zig:18   | Identified the +4 morningstar "Fopunib" {drain, Int+5 SInv}
 83227 | Zig:18   | Identified the staff of Disarray {^Contam rF+ rC+ Str+3
                  | Int+7 Ice}
 83248 | Zig:18   | Identified the +2 dire flail "Kozoip" {heavy, rElec}
 83355 | Zig:19   | Entered Level 19 of a ziggurat
 83370 | Zig:19   | Noticed a juggernaut
 83378 | Zig:19   | Killed a juggernaut
 83379 | Zig:19   | Reached skill level 15 in Stealth
 83379 | Zig:19   | Killed a juggernaut
 83438 | Zig:19   | Noticed a juggernaut
 83443 | Zig:19   | Killed a juggernaut
 83611 | Zig:19   | Identified the ring "Rakk" {rC+ rN+ Int-5 Dex+3}
 83617 | Zig:19   | Identified the +0 orcbow of Socuhal {antimagic, *Slow rElec
                  | rC+ rCorr}
 83618 | Zig:19   | Identified the amulet "Poifaut" {Acrobat ^Drain Str+3
                  | Dex+2}
 83703 | Zig:20   | Entered Level 20 of a ziggurat
 83720 | Zig:20   | Found the +2 Maxwell's thermic engine {flame, freeze, rev}
 83853 | Zig:20   | Identified the +9 hand axe "Jygul" {elec, rCorr}
 83865 | Zig:20   | Identified the +1 morningstar of Abomination {freeze,
                  | Will+}
 83873 | Zig:20   | Identified the amulet of Agef Hoe {Will+ Regen+ Str+3
                  | Dex+2}
 83890 | Zig:20   | Got the Tractate on Creeping Virulence
 83896 | Zig:20   | Identified the +6 short sword of the Tundras {freeze, rElec
                  | Str+4 Int+3}
 83974 | Zig:21   | Entered Level 21 of a ziggurat
 84100 | Zig:21   | Identified the +7 sling of Pugaz {drain, rC- rN+ Str+2
                  | Dex+8}
 84107 | Zig:21   | Identified the ring "Seodghas" {rF+ MP+9 Str-2 Int+2
                  | Slay+3}
 84130 | Zig:21   | Acquired 395 gold pieces
 84279 | Depths:2 | Upgraded the game from 0.32-a0-931-g5a2cda0 to
                  | 0.32-a0-932-g5467873
 84283 | Depths:2 | Bought a scroll of fog for 64 gold pieces
 84283 | Depths:2 | Bought a scroll of teleportation for 48 gold pieces
 84283 | Depths:2 | Bought a scroll of vulnerability for 64 gold pieces
 84286 | Pan      | Entered Pandemonium
 84377 | Pan      | Noticed Fiext the pandemonium lord
 84383 | Pan      | Killed Fiext the pandemonium lord
 84455 | Pan      | Entered the realm of Cerebov.
 84468 | Pan      | Reached skill level 5 in Throwing
 84559 | Pan      | Identified the +6 arbalest "Wicotwioc" {freeze, Str+2}
 84801 | Pan      | Identified the +9 morningstar "Concordance" {freeze, SInv}
 84821 | Pan      | Identified the ring "Zosupyty" {Wiz *Corrode +Blink rPois}
 84835 | Pan      | Identified the +5 broad axe of Departure {drain, ^Drain
                  | rElec rC++ Dex+2}
 84839 | Pan      | Found the +6 sword of Cerebov {flame}
 84839 | Pan      | Noticed Cerebov
 84861 | Pan      | Killed Cerebov
 84964 | Pan      | Identified the +4 battleaxe of Extermination {flame, rC+
                  | Int+2 Dex+2 Stlth-}
 84974 | Pan      | Got a fiery rune of Zot
 85573 | Pan      | Entered the realm of Lom Lobon.
 86102 | Pan      | Noticed Lom Lobon
 86115 | Pan      | Killed Lom Lobon
 86239 | Pan      | Got a magical rune of Zot
 86764 | Pan      | Identified the +0 scale mail of Gucanidd {-Tele rPois rC-
                  | Int+8}
 86941 | Pan      | Noticed Riraxiom the pandemonium lord
 86950 | Pan      | Killed Riraxiom the pandemonium lord
 86961 | Pan      | Entered the realm of Mnoleg.
 87256 | Pan      | Noticed Mnoleg
 87268 | Pan      | Killed Mnoleg
 87487 | Pan      | Got a glowing rune of Zot
 87634 | Pan      | Entered the realm of Gloorx Vloq.
 87919 | Pan      | Found an exit through the horrors of the Abyss.
 88276 | Pan      | Reached skill level 1 in Earth Magic
 88334 | Pan      | Reached skill level 5 in Earth Magic
 88335 | Pan      | Noticed Gloorx Vloq
 88343 | Pan      | Killed Gloorx Vloq
 88466 | Pan      | Got a dark rune of Zot
 88683 | Pan      | Noticed Qomp the pandemonium lord
 88694 | Pan      | Killed Qomp the pandemonium lord
 88767 | Pan      | Noticed Edorghor the pandemonium lord
 88771 | Pan      | Killed Edorghor the pandemonium lord
 88774 | Pan      | Reached skill level 10 in Earth Magic
 88844 | Pan      | Got a demonic rune of Zot
 88929 | Pan      | Noticed Mennas
 88936 | Pan      | Killed Mennas
 89037 | Pan      | Found an exit through the horrors of the Abyss.
 89095 | Pan      | Learned a level 9 spell: Shatter
 89096 | Pan      | Took an exit into the Abyss.
 89096 | Abyss:3  | Escaped into the Abyss
 89097 | Abyss:3  | Found a corrupted altar of Lugonu.
 89167 | Abyss:3  | Noticed a dread lich
 89175 | Abyss:3  | Killed a dread lich
 89196 | Abyss:3  | Lost mutation: You have a pair of small antennae on your
                  | head. [potion of mutation]
 89196 | Abyss:3  | Lost mutation: Your mind is acute. (Int +4, Str/Dex -1)
                  | [potion of mutation]
 89196 | Abyss:3  | Lost mutation: You are somewhat resistant to further
                  | mutation. [potion of mutation]
 89196 | Abyss:3  | Gained mutation: You are weak. (Str -2) [potion of
                  | mutation]
 89196 | Abyss:3  | Gained mutation: You have a pair of small antennae on your
                  | head. [potion of mutation]
 89197 | Abyss:3  | Lost mutation: Potions are less effective at restoring your
                  | health. [potion of mutation]
 89197 | Abyss:3  | Lost mutation: You have a pair of small antennae on your
                  | head. [potion of mutation]
 89197 | Abyss:3  | Gained mutation: You occasionally lose the ability to read
                  | scrolls when taking damage. [potion of mutation]
 89197 | Abyss:3  | Gained mutation: One of your tentacles bears a spike.
                  | [potion of mutation]
 89197 | Abyss:3  | Gained mutation: You occasionally shout uncontrollably at
                  | your foes. [potion of mutation]
 89198 | Abyss:3  | Lost mutation: You are weak. (Str -2) [potion of mutation]
 89198 | Abyss:3  | Lost mutation: One of your tentacles bears a spike. [potion
                  | of mutation]
 89198 | Abyss:3  | Lost mutation: You occasionally lose the ability to read
                  | scrolls when taking damage. [potion of mutation]
 89198 | Abyss:3  | Gained mutation: You are agile. (Dex +4, Str/Int -1)
                  | [potion of mutation]
 89199 | Abyss:3  | Lost mutation: You occasionally shout uncontrollably at
                  | your foes. [potion of mutation]
 89199 | Abyss:3  | Lost mutation: You are agile. (Dex +4, Str/Int -1) [potion
                  | of mutation]
 89199 | Abyss:3  | Gained mutation: Your muscles are strong. (Str +4, Int/Dex
                  | -1) [potion of mutation]
 89199 | Abyss:3  | Gained mutation: Your muscles are very strong. (Str +8,
                  | Int/Dex -2) [potion of mutation]
 89454 | Depths:2 | Escaped the Abyss
 89523 | Tar:1    | Entered Level 1 of Tartarus
 89535 | Tar:1    | You fall into a shaft and drop 1 floor!
 90107 | Tar:4    | Reached skill level 15 in Earth Magic
 90711 | Tar:7    | Entered Level 7 of Tartarus
 90775 | Tar:7    | Noticed a dread lich
 90780 | Tar:7    | Killed a dread lich
 90793 | Tar:7    | Noticed a dread lich
 90798 | Tar:7    | Killed a dread lich
 91370 | Tar:7    | Noticed Ereshkigal
 91382 | Tar:7    | Killed Ereshkigal
 91730 | Tar:7    | Identified the +6 mace "Zuin Foq" {chaos, rPois rF++ Str-5
                  | Int+2}
 91788 | Tar:7    | Got a bone rune of Zot
 91931 | Tar:7    | Noticed a dread lich
 91934 | Tar:7    | Noticed an ancient lich
 91937 | Tar:7    | Killed a dread lich
 91939 | Tar:7    | Killed an ancient lich
 92145 | Geh:1    | Entered Level 1 of Gehenna
 92778 | Geh:3    | Noticed an ancient lich
 92782 | Geh:3    | Killed an ancient lich
 94215 | Geh:7    | Entered Level 7 of Gehenna
 94415 | Geh:7    | Noticed the Serpent of Hell
 94428 | Geh:7    | Killed the Serpent of Hell
 94458 | Geh:7    | Learned a level 5 spell: Borgnjor's Vile Clutch
 94919 | Geh:7    | Found the +13 sceptre of Asmodeus
 94919 | Geh:7    | Noticed Asmodeus
 94928 | Geh:7    | Killed Asmodeus
 95025 | Geh:7    | Got an obsidian rune of Zot
 95219 | Coc:1    | Entered Level 1 of Cocytus
 95233 | Coc:1    | You fall into a shaft and drop 1 floor!
 95476 | Coc:3    | Noticed an ancient lich
 95484 | Coc:3    | Killed an ancient lich
 96049 | Coc:5    | Paralysed by a wendigo for 1 turns
 96403 | Coc:6    | Noticed a dread lich
 96407 | Coc:6    | Killed a dread lich
 96735 | Coc:7    | Entered Level 7 of Cocytus
 97080 | Coc:7    | Paralysed by a wendigo for 1 turns
 97429 | Coc:7    | Noticed Antaeus
 97442 | Coc:7    | Killed Antaeus
 97449 | Coc:7    | Got an icy rune of Zot
 97514 | Coc:7    | Identified the +4 longbow "Gul Isups" {freeze, Str+2 Dex+3}
 97884 | Dis:1    | Entered Level 1 of the Iron City of Dis
 98884 | Dis:7    | Entered Level 7 of the Iron City of Dis
 99612 | Dis:7    | Got the Grimoire of Baneful Hurting
 99783 | Dis:7    | Noticed Dispater
 99794 | Dis:7    | Killed Dispater
 99851 | Dis:7    | Got an iron rune of Zot
100005 | Dis:7    | Identified the +1 mace of Indignation {freeze, *Corrode
                  | Str+3 Dex+3}
100041 | Dis:7    | Identified the +2 robe of Conscience {rElec Archmagi}
100042 | Dis:7    | Identified the ring "Vyumene" {rElec Will+ Dex+6}
100099 | Dis:7    | Identified the ring of Pessimism {Wiz Str+2}
100745 | Tomb:1   | Entered Level 1 of the Tomb of the Ancients
101190 | Tomb:1   | Noticed a royal mummy
101194 | Tomb:1   | Killed a royal mummy
101195 | Tomb:1   | Noticed a royal mummy
101199 | Tomb:1   | Killed a royal mummy
101394 | Tomb:1   | Noticed a royal mummy
101401 | Tomb:1   | Noticed a royal mummy
101402 | Tomb:1   | Killed a royal mummy
101402 | Tomb:1   | Noticed a royal mummy
101404 | Tomb:1   | Noticed a royal mummy
101404 | Tomb:1   | Noticed a royal mummy
101404 | Tomb:1   | Noticed a royal mummy
101405 | Tomb:1   | Noticed a royal mummy
101405 | Tomb:1   | Noticed a royal mummy
101406 | Tomb:1   | Noticed a royal mummy
101408 | Tomb:1   | Noticed a royal mummy
101410 | Tomb:1   | Killed a royal mummy
101525 | Tomb:1   | Noticed a royal mummy
101531 | Tomb:1   | Killed a royal mummy
101532 | Tomb:1   | Killed a royal mummy
101532 | Tomb:1   | Killed a royal mummy
101532 | Tomb:1   | Killed a royal mummy
101533 | Tomb:1   | Killed a royal mummy
101538 | Tomb:1   | Killed a royal mummy
101544 | Tomb:1   | Killed a royal mummy
101544 | Tomb:1   | Killed a royal mummy
101643 | Tomb:1   | Noticed a royal mummy
101651 | Tomb:1   | Killed a royal mummy
101723 | Tomb:1   | Noticed a royal mummy
101727 | Tomb:1   | Killed a royal mummy
101740 | Tomb:1   | Noticed a royal mummy
101747 | Tomb:1   | Killed a royal mummy
101794 | Tomb:1   | Noticed a royal mummy
101797 | Tomb:1   | Killed a royal mummy
101823 | Tomb:1   | Noticed a royal mummy
101832 | Tomb:1   | Killed a royal mummy
101832 | Tomb:1   | Noticed a royal mummy
101834 | Tomb:1   | Killed a royal mummy
102226 | Tomb:2   | Noticed a royal mummy
102227 | Tomb:2   | Noticed a royal mummy
102228 | Tomb:2   | Noticed a royal mummy
102228 | Tomb:2   | Noticed a royal mummy
102230 | Tomb:2   | Noticed a royal mummy
102231 | Tomb:2   | Killed a royal mummy
102232 | Tomb:2   | Killed a royal mummy
102232 | Tomb:2   | Killed a royal mummy
102232 | Tomb:2   | Killed a royal mummy
102236 | Tomb:2   | Killed a royal mummy
102354 | Tomb:1   | Killed a royal mummy
102899 | Tomb:3   | Entered Level 3 of the Tomb of the Ancients
102925 | Tomb:3   | Noticed a royal mummy
102926 | Tomb:3   | Noticed a royal mummy
102926 | Tomb:3   | Noticed a royal mummy
102927 | Tomb:3   | Noticed a royal mummy
102928 | Tomb:3   | Noticed a royal mummy
102932 | Tomb:3   | Noticed a royal mummy
102934 | Tomb:3   | Noticed a royal mummy
102935 | Tomb:3   | Noticed a royal mummy
102935 | Tomb:3   | Noticed a royal mummy
102940 | Tomb:3   | Killed a royal mummy
102942 | Tomb:3   | Killed a royal mummy
103425 | Tomb:3   | Got a golden rune of Zot
103461 | Tomb:3   | Identified the +0 quarterstaff of the Illusory Visions
                  | {speed, rElec rCorr Str-2 Int+4}
103478 | Tomb:3   | Identified the ring "Fuaveerr" {rCorr Str+5}
103481 | Tomb:3   | Identified the staff of Dung {rN+ Will+ rCorr Conj Hexes
                  | Necro}
103486 | Tomb:3   | Identified the ring of Okawaru's Condemnation {rElec MP+9
                  | Int+5}
103512 | Tomb:3   | Identified the +8 orcbow of the Hall of Blades {heavy,
                  | Int+3 Dex+2 SInv}
103520 | Tomb:3   | Identified the +0 leather armour of a bailey {*Slow rPois
                  | rF+ Slay+2}
103521 | Tomb:3   | Identified the +1 great mace "Pecwuesh" {heavy, Str+3}
103527 | Tomb:3   | Identified the +4 hand axe of the Sage {antimagic, *Noise
                  | ^Drain rElec rC+ Str+8}
104172 | Zot:1    | Entered Level 1 of the Realm of Zot
105486 | Zot:2    | Identified the +1 leather armour of Incorporation {Rampage
                  | rN+}
106953 | Zot:4    | Noticed an orb of fire
106959 | Zot:4    | Killed an orb of fire
107100 | Zot:4    | Identified the ring "Ixkurghicikh" {rN+ Int+2}
107192 | Zot:4    | Reached skill level 27 in Fighting
107413 | Zot:5    | Entered Level 5 of the Realm of Zot
107619 | Zot:5    | Reached skill level 27 in Unarmed Combat
107653 | Zot:5    | Reached skill level 27 in Dodging
107740 | Zot:5    | Noticed an ancient lich
107746 | Zot:5    | Noticed an ancient lich
107757 | Zot:5    | Noticed a dread lich
107758 | Zot:5    | Noticed an orb of fire
107758 | Zot:5    | Noticed an orb of fire
107770 | Zot:5    | Noticed an orb of fire
107770 | Zot:5    | Noticed an orb of fire
107771 | Zot:5    | Noticed an orb of fire
107773 | Zot:5    | Killed a dread lich
107775 | Zot:5    | Noticed an orb of fire
107777 | Zot:5    | Killed an orb of fire
107784 | Zot:5    | Killed an ancient lich
107789 | Zot:5    | Killed an orb of fire
107791 | Zot:5    | Gained mutation: You occasionally lose the ability to read
                  | scrolls when taking damage. [an orb of fire]
107792 | Zot:5    | Killed an orb of fire
107794 | Zot:5    | Killed an orb of fire
107799 | Zot:5    | Reached skill level 10 in Necromancy
108167 | Zot:5    | Noticed a dread lich
108226 | Zot:5    | Got the Orb of Zot
108280 | Zot:5    | Noticed Millahim the pandemonium lord
108286 | Zot:5    | Killed Millahim the pandemonium lord
108409 | Depths:4 | Noticed Obliose the pandemonium lord
108412 | Depths:4 | Killed Obliose the pandemonium lord
108564 | D:14     | Noticed Ysmink the pandemonium lord
108566 | D:14     | Killed Ysmink the pandemonium lord
108822 | D:$      | Escaped with the Orb!

Illustrated notes

Levels and vault maps discovered:
D:1:      roderic_chinese_lattice_arrival, layout_basic
D:2:      layout_basic, shapermc_ecumenical_altar_mp_vishouse, basic_altar,
          serial_shops, shop
D:3:      layout_loops_corners, chequers_serial_rivers_marsh,
          serial_bayou_pond_b, uniq_terence
D:4:      layout_cave_pools, kennysheep_generic_room_7
D:5:      layout_rooms, nicolae_elyvilon_peaceful_grove, enter_ossuary_5,
          gammafunk_ghost_cemetery, minmay_circle_x
D:6:      layout_cave_pools, kennysheep_little_box,
          mainiacjoe_overflow_alcove_1, portal_sewer_entry_e, uniq_blork_the_orc
D:7:      layout_rooms, mainiacjoe_overflow_boulevard,
          minmay_temple_entry_metal_lava, minmay_misc_feat_iff,
          minmay_a_box_with_orc_wizards_in_it
D:8:      layout_rooms, mainiacjoe_overflow_tiny_flanked, serial_shops,
          nicolae_shop_trees, kb_lookout_dungeons_type, nicolae_lava_and_water
D:9:      layout_basic, mainiacjoe_overflow_six_doors_small,
          general_overflow_altar, enter_bailey_6, uniq_erica
D:10:     layout_basic, minivault_8, uniq_nergalle, uniq_grum
D:11:     layout_irregular_city, lair_entry_dummy, david_orc_2, kennysheep_boxes
D:12:     minmay_the_grid_square_5x5_3x3
          [minmay_the_grid_square_5x5_spiral_small,
          minmay_the_grid_square_5x5_two, minmay_the_grid_square_5x5_slash,
          minmay_the_grid_square_5x5_tetrominoes,
          minmay_the_grid_square_5x5_megaprize_crossed,
          minmay_the_grid_square_5x5_gyroscope,
          minmay_the_grid_square_5x5_hollow_slash,
          minmay_the_grid_square_5x5_inverted_slash,
          minmay_the_grid_square_5x5_inset], layout_grid_maze,
          palyth_stone_intersect, uniq_lodul, uniq_jorgrun, uniq_sonja
D:13:     layout_basic, kennysheep_nub, kennysheep_nondescript
D:14:     minmay_razor_zed, layout_rooms, david_vaults_2, vehumet_crystals,
          serial_ice, serial_ice_o, serial_ice_c, serial_ice_f, serial_ice_d,
          serial_ice_e, serial_ice_n, serial_ice_g
D:15:     hangedman_depths_entry_try_elsewhere_first, layout_long_grid,
          ebering_ghost_rock_garden, serial_bayou_shore_a
Lair:1:   layout_regular_city, st_stairs_11, grunt_megastairs_4,
          lemuel_fruit_fields
Lair:2:   layout_roguey, skrybe_swamp_entry_bodies,
          hellmonk_spider_entry_not_the_bees
Lair:3:   hellmonk_ruined_rings, layout_hall_layers, nicolae_lair_grazing_beasts
          [nicolae_sub_lair_graze_edge, nicolae_sub_lair_graze_edge,
          nicolae_sub_lair_graze_edge, nicolae_sub_lair_graze_edge]
Lair:4:   layout_layer_cave, serial_forest, infiniplex_forest_straight_4,
          infiniplex_forest_clump_double, infiniplex_forest_straight_5,
          infiniplex_forest_straight_3, infiniplex_forest_clump_double,
          infiniplex_forest_zigzag_2, infiniplex_forest_clump_double,
          infiniplex_forest_clump_tiny, grunt_megastairs_5, uniq_snorg,
          uniq_josephine
Lair:5:   cheibrodos_lair_end_hotspot, layout_regular_city,
          nicolae_slime_entry_slimehenge
Swamp:1:  layout_falls_marsh, evilmike_swamp_ruin_rubble_1,
          infiniplex_staircase_pool
Swamp:2:  nzn_winding_woodlands_medium [nzn_winding_woodlands_5x5_closed_star,
          nzn_winding_woodlands_5x15_concentric,
          nzn_winding_woodlands_5x5_perimeter,
          nzn_winding_woodlands_5x5_open_star,
          nzn_winding_woodlands_center_diamonds,
          nzn_winding_woodlands_5x5_three,
          nzn_winding_woodlands_5x5_checkerboard,
          nzn_winding_woodlands_5x15_crooked, nzn_winding_woodlands_5x5_cross],
          layout_falls_marsh, evilmike_swamp_ruin_house_4
Swamp:3:  layout_falls_marsh, gammafunk_ghost_wrathful_warriors, basic_altar,
          swamp_pool_1_2, hangedman_swamp_lotus, hangedman_swamp_diagram,
          grunt_hermit_hut
Swamp:4:  swamp_basic_johnstein, layout_basic_swamp, uniq_louise
Spider:1: layout_chambers, nicolae_spider_altar_of_dancing
Spider:2: layout_spider_delve, nicolae_spider_scorpion_nest
Spider:3: layout_spider_delve
Spider:4: floodkiller_spider_rune_tomb
Slime:1:  layout_caves
Slime:2:  cheibrodos_slime_lost_civilization_8, layout_caves, basic_altar,
          cheibrodos_slime_lost_civilization_5
Slime:3:  layout_caves
Slime:4:  layout_caves
Slime:5:  slime_pit_nicolae_block_by_block
Orc:1:    layout_diamond_mine, serial_shops, nicolae_book_shop_shelving
Orc:2:    grunt_orc_gardens, layout_caves, grunt_orc_garden, grunt_orc_garden,
          grunt_orc_garden, grunt_orc_garden
Elf:1:    eino_elf_arrival_sip, layout_loops_cross, serial_shops,
          bzr_in_the_mist, regret_index_elf_centigrade
Elf:2:    nicolae_elf_blades_crystal_corner, layout_geoelf_octagon,
          serial_shops, nicolae_shop_dealshenge, grunt_ministairs_13,
          dk_noncrumbling_2
Elf:3:    minmay_elf_hall_spiked, layout_geoelf_castle, serial_shops,
          nicolae_shop_drivethru, dk_noncrumbling_4,
          nicolae_shop_sticking_my_neck_out, uniq_zenata
Vaults:1: infiniplex_enter_wizlab_spiral, vaults_room_grunt_arrival_ludios,
          vaults_mumra_lcd, nicolae_vaults_closet_pinwheel_1,
          nicolae_vaults_tetromino_L_1, vaults_standard_mumra_lines,
          hangedman_vaults_locks, nicolae_vaults_taking_the_gang_shopping,
          nicolae_vaults_three_branches, nicolae_vaults_asterisk,
          nicolae_vaults_variable_pillar_hall, v_misc_15,
          vaults_room_stairs_pillars, nicolae_vaults_off_center_swirl,
          layout_vaults_omnicross
Vaults:2: v_misc_16, v_misc_14, nicolae_vaults_security_offices_4,
          nicolae_vaults_storage_closets_1, nicolae_vaults_tetromino_L_2,
          nicolae_vaults_closet_pinwheel_4, nicolae_vaults_tetromino_T_2,
          nicolae_vaults_door_testing_chamber, v_misc_33,
          ontoclasm_vaults_ligature, nicolae_vaults_tetromino_L_1,
          layout_vaults_maze_bifur, serial_shops, shop, uniq_xtahua,
          uniq_asterion, uniq_bai_suzhen
Vaults:3: portal_desolation_entry_ruin, v_misc_17,
          nicolae_vaults_shrinking_rooms_2, grunt_vaults_diagonal,
          hangedman_vaults_stretched_pinwheel, vaults_dpeg_diagonal,
          nicolae_vaults_two_Ls, nicolae_vaults_diamond_1,
          ontoclasm_vaults_claustrophobia, vaults_room_stairs_pillars,
          v_misc_11, nicolae_vaults_closet_pinwheel_1,
          minmay_crypt_entry_simple_statues, nicolae_vaults_security_offices_1,
          layout_vaults_omnibox, uniq_margery
Vaults:4: nicolae_vaults_heart-shaped_vault, nicolae_vaults_storage_closets_2,
          nicolae_vaults_wine_cellar, v_misc_33, special_room_vaults
          [special_room_orc], nicolae_vaults_layer_cake_slice,
          nicolae_vaults_tetromino_Z_1, nicolae_vaults_rhombus_7,
          vaults_dpeg_ring, vaults_dpeg_spiral,
          serial_library_hellmonk_reading_circle, hangedman_vaults_stream,
          nicolae_vaults_theta, v_misc_5, vaults_room_pools,
          vaults_room_hallway, layout_vaults_ring, serial_shops, shop
Vaults:5
Crypt:1:  gammafunk_the_bubble [the_bubble_gammafunk_roulette], layout_catacombs
Crypt:2:  gammafunk_its_a_trap, layout_misc_corridors, lemuel_elevator,
          lemuel_upstairs_altar
Crypt:3:  quadcrypt_mu
Tomb:1
Tomb:2
Tomb:3
Depths:1: layout_cave_pools, hex_medium, pan_entry, hell_entry,
          grunt_gozag_breadcrumbs, uniq_norris
Depths:2: box_level_dp, pan_entry, hell_entry
Depths:3: minmay_slanted_spiral_squares, layout_gridville, nicolae_tricolors,
          hell_entry, abyss_entry_small_statue_room,
          infiniplex_staircase_pillars_1, minmay_shoptagon, uniq_enchantress
Depths:4: evilmike_zot_entry_gauntlet, layout_gridlike, serial_curves,
          eino_curves_04, eino_curves_04, rand_demon_pan_entry_3,
          pf_hell_entry_tar_river, hangedman_decor_opposing
Hell
Dis:1:    layout_regular_city
Dis:2:    layout_gridville, nicolae_dis_bowling_alley
Dis:3:    layout_gridville, nrook_loot_triangle
Dis:4:    layout_subdivisions
Dis:5:    layout_regular_city
Dis:6:    layout_subdivisions
Dis:7:    iron_city_of_dis [dis_mu, dis_wall_6], layout_gridville,
          nicolae_dis_scattering
Geh:1:    layout_gehenna_pools_triple, nicolae_geh_lava_lounge
Geh:2:    layout_gehenna_lava_caves
Geh:3:    layout_gehenna_lava_caves
Geh:4:    layout_gehenna_pools_triple, evilmike_ambush
          [evilmike_ambush_outer_pillars, evilmike_ambush_inner_pond]
Geh:5:    layout_gehenna_lava_caves
Geh:6:    layout_gehenna_pools_basic
Geh:7:    geh_grunt_pentagon
Coc:1:    layout_cocytus_water_paths
Coc:2:    layout_cocytus_delve
Coc:3:    layout_ice_bergs
Coc:4:    layout_cocytus_water_paths
Coc:5:    layout_ice_bergs
Coc:6:    layout_cocytus_delve
Coc:7:    coc_old
Tar:1:    layout_grid_maze
Tar:2:    layout_catacombs
Tar:3:    layout_catacombs, nicolae_hells_fiendish_ambush
Tar:4:    layout_honeycomb
Tar:5:    layout_grid_maze
Tar:6:    layout_cathedral_of_symmetry
Tar:7:    tar_grunt_cathedral
Zot:1:    layout_onion, skrybe_zot_glass_2, grunt_megastairs_2
Zot:2:    layout_misc_corridors, regret_index_zotdec_barnacled_alternative,
          st_stairs_1, regret_index_zotdec_twisting_globes
Zot:3:    layout_twisted_circle
Zot:4:    layout_gridville, regret_index_zotdec_plus,
          hangedman_zot_diagonal_lockstep,
          regret_index_zotdec_under_construction, regret_index_zotdec_onion_hex
Zot:5:    layout_onion

Skill      XL: |  1  2  3  4  5  6  7  8  9 10 11 12 13 14 15 16 17 18 19 20 21 22 23 24 25 26 27 |
---------------+----------------------------------------------------------------------------------+-----
Stealth        | 2 3 6 20 | 20.0
Fighting       | 2 3 4 6 8 9 10 12 13 15 27 | 27.0
Unarmed Combat | 4 5 6 8 9 10 12 13 15 27 | 27.0
Shapeshifting  | 4 5 6 7 8 10 11 12 14 16 17 19 22 24 25 | 25.0
Dodging        | 6 8 11 12 27 | 27.0
Evocations     | 4 9 16 | 16.4
Translocations | 2 6 |  6.0
Spellcasting   | 2 6 9 10 11 14 15 21 | 21.0
Ice Magic      | 3 6 10 11 12 15 16 19 21 24 | 24.0
Conjurations   | 6 |  6.0
Air Magic      | 6 |  6.0
Hexes          | 9 18 | 18.0
Necromancy     | 6 12 | 12.5
Throwing       | 6 |  6.0
Earth Magic    | 24 | 24.0

Action                     |  1- 3 |  4- 6 |  7- 9 | 10-12 | 13-15 | 16-18 | 19-21 | 22-24 | 25-27 || total
---------------------------+-------+-------+-------+-------+-------+-------+-------+-------+-------++-------
  Melee: Unarmed           |    72 |    52 |   264 |   594 |   781 |   865 |   907 |   956 |  4158 ||  8649
         Constrict         |    22 |    17 |    88 |    97 |   128 |    77 |       |   160 |   534 ||  1123
         Tentacles         |    13 |    19 |    75 |   173 |   264 |   282 |       |   259 |  1104 ||  2189
         Punch             |     4 |       |     2 |     1 |       |     5 |    88 |   137 |   668 ||   905
         Tailslap          |       |       |       |       |       |     6 |   154 |    38 |       ||   198
         Maw               |       |       |       |       |       |     5 |       |       |       ||     5
         Bite              |       |       |       |       |       |     4 |   117 |    28 |       ||   149
  Throw: Javelin           |       |    10 |     5 |       |       |       |       |       |       ||    15
   Cast: Frozen Ramparts   |       |       |       |       |    10 |    31 |     1 |       |       ||    42
         Blink             |       |       |       |       |     2 |     3 |     1 |       |     4 ||    10
         Ozocubu's Armour  |       |       |       |       |       |    74 |    26 |    20 |    15 ||   135
         Freezing Cloud    |       |       |       |       |       |    57 |    93 |    25 |       ||   175
         Lesser Beckoning  |       |       |       |       |       |     7 |    16 |    25 |     6 ||    54
         Vhi's Electric Ch |       |       |       |       |       |     3 |    82 |    30 |   406 ||   521
         Ozocubu's Refrige |       |       |       |       |       |       |    11 |     3 |     6 ||    20
         Silence           |       |       |       |       |       |       |       |     3 |       ||     3
         Fugue of the Fall |       |       |       |       |       |       |       |    13 |   132 ||   145
         Apportation       |       |       |       |       |       |       |       |       |   236 ||   236
         Discord           |       |       |       |       |       |       |       |       |    68 ||    68
         Polar Vortex      |       |       |       |       |       |       |       |       |    49 ||    49
         Shatter           |       |       |       |       |       |       |       |       |    29 ||    29
         Enfeeble          |       |       |       |       |       |       |       |       |    26 ||    26
         Yara's Violent Un |       |       |       |       |       |       |       |       |    11 ||    11
         Passage of Golubr |       |       |       |       |       |       |       |       |    10 ||    10
         Borgnjor's Vile C |       |       |       |       |       |       |       |       |     2 ||     2
 Invoke: Potion Petition   |       |       |       |     1 |     5 |     2 |     3 |       |    28 ||    39
         Call Merchant     |       |       |       |       |       |     4 |     2 |       |     6 ||    12
         Bribe Branch      |       |       |       |       |       |       |       |       |     7 ||     7
Ability: Blinkbolt         |       |       |       |       |       |       |       |       |     7 ||     7
  Evoke: Wand              |       |       |       |    11 |     9 |     9 |       |       |     5 ||    34
         Tin of tremorston |       |       |       |       |       |       |       |       |     2 ||     2
    Use: Scroll            |       |       |       |    19 |     9 |    12 |     6 |       |    13 ||    59
         Potion            |       |       |       |     7 |     4 |    16 |     7 |     7 |    33 ||    74
   Stab: Sleeping          |    12 |     5 |     3 |     3 |     5 |     7 |    24 |    29 |    75 ||   163
         Distracted        |     1 |       |     1 |     3 |     4 |     5 |    16 |    19 |   116 ||   165
         Invisible         |       |       |       |       |       |     3 |       |       |     9 ||    12
         Petrifying        |       |       |       |       |       |       |       |       |     1 ||     1
 Armour: Skin              |    21 |    24 |   124 |   297 |   260 |   448 |  1006 |   597 |  3042 ||  5819
  Dodge: Dodged            |    28 |    10 |   156 |   339 |   454 |   633 |   523 |  1028 |  5409 ||  8580
  Block: Other             |       |       |       |    83 |   112 |   123 |       |       |       ||   318
         Reflection        |       |       |       |     6 |     2 |     8 |       |       |       ||    16
   Form: Flux              |       |       |     1 |       |       |     2 |       |       |       ||     3
         Maw               |       |       |       |       |       |     2 |       |       |       ||     2
         Dragon            |       |       |       |       |       |     1 |       |       |       ||     1
         Statue            |       |       |       |       |       |       |       |     1 |     3 ||     4
         Storm             |       |       |       |       |       |       |       |       |     3 ||     3

Table legend: (Time is in decaauts)
 A = Elapsed time spent in this place.
 B = Non-inter-level travel time spent in this place.
 C = Inter-level travel time spent in this place.
 D = Time resting spent in this place.
 E = Time spent auto-exploring this place.
 F = Levels seen in this place.
 G = Mean time per level.
                   A        B        C        D        E       F      G
               +--------+--------+--------+--------+--------+-----+--------+
         Total | 129532 | 117741 |  11791 |  15855 |  68822 | 130 |  996.4 |
       Dungeon |  22091 |  18102 |   3989 |   3751 |  10161 |  15 | 1472.7 |
          Lair |  11347 |  10311 |   1036 |   4054 |   3809 |   5 | 2269.4 |
         Swamp |   7186 |   6778 |    408 |   2688 |   2718 |   4 | 1796.5 |
   Spider Nest |   6396 |   6186 |    210 |   1519 |   3471 |   4 | 1599.0 |
    Slime Pits |   3780 |   3462 |    318 |     31 |   2611 |   5 |  756.0 |
  Orcish Mines |   2478 |   2236 |    242 |    516 |   1067 |   2 | 1239.0 |
   Elven Halls |   4470 |   4035 |    435 |    252 |   2625 |   3 | 1490.0 |
        Vaults |  10361 |   8871 |   1490 |    687 |   6234 |   5 | 2072.2 |
         Crypt |   7033 |   5940 |   1093 |    274 |   4452 |   3 | 2344.3 |
          Tomb |   4117 |   3932 |    185 |    160 |   2544 |   3 | 1372.3 |
        Depths |   8148 |   7010 |   1138 |    645 |   4777 |   4 | 2037.0 |
          Hell |   1453 |   1110 |    343 |      0 |    685 |   1 | 1453.0 |
           Dis |   3495 |   3429 |     66 |      0 |   2530 |   7 |  499.3 |
       Gehenna |   4386 |   4197 |    189 |     39 |   3026 |   7 |  626.6 |
       Cocytus |   3809 |   3535 |    274 |    186 |   2313 |   7 |  544.1 |
      Tartarus |   3673 |   3540 |    133 |     23 |   2286 |   7 |  524.7 |
           Zot |   6177 |   5943 |    234 |     14 |   4822 |   5 | 1235.4 |
         Abyss |   3838 |   3838 |      0 |     52 |   1256 |   5 |  767.6 |
   Pandemonium |   6756 |   6756 |      0 |    151 |   2601 |  11 |  614.2 |
      Ziggurat |   5064 |   5064 |      0 |    209 |   3327 |  21 |  241.1 |
        Bazaar |    261 |    261 |      0 |      0 |    136 |   1 |  261.0 |
         Sewer |    366 |    366 |      0 |      0 |    281 |   1 |  366.0 |
       Ossuary |    515 |    515 |      0 |     94 |    274 |   1 |  515.0 |
        Bailey |    500 |    500 |      0 |    238 |     86 |   1 |  500.0 |
        Wizlab |    799 |    799 |      0 |    213 |    147 |   1 |  799.0 |
    Desolation |   1019 |   1019 |      0 |     54 |    575 |   1 | 1019.0 |
               +--------+--------+--------+--------+--------+-----+--------+

Top non-repeatable levels by time:
  Lair:2: 3505 daAuts
 Crypt:3: 2989 daAuts
Depths:3: 2846 daAuts
Depths:2: 2723 daAuts
  Lair:5: 2699 daAuts
    D:12: 2572 daAuts
 Crypt:1: 2497 daAuts
    D:14: 2351 daAuts
 Swamp:3: 2333 daAuts
Vaults:4: 2328 daAuts
 Swamp:2: 2290 daAuts
Vaults:1: 2263 daAuts
  Tomb:1: 2257 daAuts
    D:11: 2129 daAuts
  Lair:1: 2076 daAuts
